 Dungeon Crawl Stone Soup version 0.16.1-16-gc44b35d (webtiles) character file.

8922087 Trafet the Invulnerable (level 27, 298/298 HPs)
             Began as a Deep Dwarf Necromancer on Apr 6, 2015.
             Was the Champion of Makhleb.
             Escaped with the Orb
             ... and 15 runes on Apr 18, 2015!
             The game lasted 1day 03:14:02 (208083 turns).

Trafet the Invulnerable (DDNe)                 Turns: 208083, Time: 1, 03:14:02

Health: 298/298    AC: 49    Str: 10    XL:     27
Magic:  55/56      EV: 23    Int: 44    God:    Makhleb [******]
Gold:   23202      SH:  2    Dex: 15    Spells: 15 memorised, 0 levels left

rFire  + + +     SeeInvis .     k - staff of energy
rCold  + . .     Clarity  +     X - +8 fire dragon armour
rNeg   + + +     SustAb   +     (no shield)
rPois  ∞         Gourm    .     L - -2 hat of the Alchemist {rElec rPois rF+ rC+ rN+ MR+ rMut rCorr}
rElec  +         Spirit   .     h - +2 cloak {MR+}
rCorr  +         Warding  .     c - +3 pair of gauntlets of War {Slay+5}
rMut   +         Stasis   .     r - +2 pair of boots {run}
MR     +++++                    p - amulet of Mistrust {Clar Int+7}
Stlth  ++++......               j - ring of Soppid {SustAb rPois MR+ Str-2 Int+3 Stlth+}
                                i - ring "Khic" {MR+ MP+9 Str-2 Int+7 Stlth+} (curse)

@: lich-form, very slightly contaminated, non-regenerating, deflect missiles,
quick, almost entirely resistant to hostile enchantments, stealthy
A: damage resistance, recharge devices, claws 1, repulsion field 1, iridescent
scales 1, large bone plates 1, agile 1, breathe flames 1, deterioration 2, high
mp 1, magic resistance 1, negative energy resistance 1, sense surroundings 3,
slow healing 3, spit poison 1
a: Device Recharging, Spit Poison, End Transformation, Minor Destruction, Lesser
Servant of Makhleb, Major Destruction, Greater Servant of Makhleb, Renounce
Religion, Breathe Fire
0: Orb of Zot
}: 15/15 runes: barnacled, slimy, silver, golden, iron, obsidian, icy, bone,
abyssal, demonic, glowing, magical, fiery, dark, gossamer


You escaped.
You worshipped Makhleb.
Makhleb was exalted by your worship.
You were not hungry.
You were a lich.
You visited 17 branches of the dungeon, and saw 96 of its levels.
You visited Pandemonium 8 times, and saw 48 of its levels.
You visited the Abyss 12 times.
You visited 7 ziggurats (completing 4), and saw 135 of their levels.
You also visited: Trove and Ice Cave.

You collected 26802 gold pieces.
You spent 3600 gold pieces at shops.

Inventory:

Hand weapons
 b - the +9 Staff of Wucad Mu {channel}
   (You found it on level 27 of a ziggurat)
 d - a +9 executioner's axe of flaming
 n - the +7 Sceptre of Torment
   (You found it on level 6 of the Pits of Slime)
 o - the cursed +6 arbalest "Hellfire" {hellfire, rF++ rC- MR+}
   (You found it on level 18 of a ziggurat)

   It greatly protects you from fire.
   It makes you vulnerable to cold.
   It affects your resistance to hostile enchantments.
   It has a curse placed upon it.
 M - the cursed +6 Majin-Bo {vamp, Archmagi MP+6 Int+6}
   (You found it on level 3 of the Elven Halls)

   It inflicts no extra harm, but heals its wielder somewhat when it strikes a
   living foe.
   It affects your intelligence (+6).
   It affects your magic capacity (+6).
   It has a curse placed upon it.
Armour
 c - the +3 pair of gauntlets of War (worn) {Slay+5}
   (You found it on level 23 of a ziggurat)

   It affects your accuracy and damage with ranged weapons and melee attacks
   (+5).
 h - a +2 cloak of magic resistance (worn)
 q - the cursed +2 large shield of Polytheism {rF+ rC++ Dex-2}
   (You acquired it on level 24 of a ziggurat)

   It affects your dexterity (-2).
   It protects you from fire.
   It greatly protects you from cold.
   It has a curse placed upon it.
 r - a +2 pair of boots of running (worn)
 L - the -2 hat of the Alchemist (worn) {rElec rPois rF+ rC+ rN+ MR+ rMut rCorr}
   (You found it on level 26 of a ziggurat)

   It protects you from fire.
   It protects you from cold.
   It insulates you from electricity.
   It protects you from poison.
   It protects you from negative energy.
   It affects your resistance to hostile enchantments.
   It protects you from acid and corrosion.
   It protects you from mutation.
 P - a +8 large shield of protection
 X - a +8 fire dragon armour (worn)
Magical staves
 k - an uncursed staff of energy (weapon)
Rods
 u - a +6 lightning rod (14/14)
   (You found it on level 11 of a ziggurat)
 E - a +3 rod of ignition (12/12)
   (You found it on level 27 of a ziggurat)
 T - a +7 rod of destruction (13/13)
   (You found it on level 15 of a ziggurat)
Jewellery
 i - the cursed ring "Khic" (left hand) {MR+ MP+9 Str-2 Int+7 Stlth+}
   (You found it on level 6 of the Pits of Slime)

   [ring of protection from magic]

   It affects your strength (-2).
   It affects your intelligence (+7).
   It affects your resistance to hostile enchantments.
   It affects your magic capacity (+9).
   It makes you more stealthy.
   It has a curse placed upon it.
 j - the ring of Soppid (right hand) {SustAb rPois MR+ Str-2 Int+3 Stlth+}
   (You found it on level 4 of a ziggurat)

   [ring of sustain abilities]

   It sustains your strength, intelligence and dexterity.
   It affects your strength (-2).
   It affects your intelligence (+3).
   It protects you from poison.
   It affects your resistance to hostile enchantments.
   It makes you more stealthy.
 p - the amulet of Mistrust (around neck) {Clar Int+7}
   (You took it off a putrid demonspawn in Pandemonium)

   [amulet of clarity]

   It provides mental clarity.
   It affects your intelligence (+7).
 v - the ring "Jineluf" {+cTele rN++}
   (You found it on level 15 of a ziggurat)

   [ring of teleport control]

   It can be evoked for teleport control.
   It greatly protects you from negative energy.
 w - the amulet of Gonaox {rMut rF++ rC- rN+ Dex-2 Stlth+}
   (You found it on level 22 of a ziggurat)

   [amulet of resist mutation]

   It protects you from mutation.
   It affects your dexterity (-2).
   It greatly protects you from fire.
   It makes you vulnerable to cold.
   It protects you from negative energy.
   It makes you more stealthy.
 z - the amulet "Preut" {Stasis rElec rN+ Str+2 Stlth-}
   (You found it on level 25 of a ziggurat)

   [amulet of stasis]

   It prevents you from being teleported, slowed, hasted or paralysed.
   It affects your strength (+2).
   It insulates you from electricity.
   It protects you from negative energy.
   It makes you less stealthy.
 B - the cursed ring "Lumoh" {Wiz rElec rPois Str+2 Dex-2 SInv}
   (You found it on level 23 of a ziggurat)

   [ring of wizardry]

   It improves your spell success rate.
   It affects your strength (+2).
   It affects your dexterity (-2).
   It insulates you from electricity.
   It protects you from poison.
   It enhances your eyesight.
   It has a curse placed upon it.
 I - the cursed ring "Cefryw" {rF+ rC+ rN+ MR+ SInv}
   (You took it off a chaos champion in Pandemonium)

   [ring of protection from magic]

   It protects you from fire.
   It protects you from cold.
   It protects you from negative energy.
   It affects your resistance to hostile enchantments.
   It enhances your eyesight.
   It has a curse placed upon it.
 J - the cursed ring of Mibraymips {rPois Dex+6 Slay+5}
   (You found it on level 10 of the Dungeon)

   [ring of slaying]

   It affects your dexterity (+6).
   It affects your accuracy and damage with ranged weapons and melee attacks
   (+5).
   It protects you from poison.
   It has a curse placed upon it.
 R - the ring "Trentu" {+/*Tele +Blink rPois MR- Str+3}
   (You found it on level 22 of a ziggurat)

   [ring of teleportation]

   It causes random teleportation, and can be evoked to teleport at will.
   It affects your strength (+3).
   It protects you from poison.
   It affects your resistance to hostile enchantments.
   It lets you blink.
 W - the ring of Lugonu's Envy {rC+ Str+3 Int+4 Dex+3 Stlth-}
   (You found it on level 4 of a ziggurat)

   [ring of protection from cold]

   It affects your strength (+3).
   It affects your intelligence (+4).
   It affects your dexterity (+3).
   It protects you from cold.
   It makes you less stealthy.
Magical devices
 a - a wand of heal wounds (5)
 l - a wand of fire (3)
 A - a wand of hasting (7)
 O - a wand of heal wounds (8)
 Y - a wand of heal wounds (8)
Scrolls
 f - 33 scrolls of amnesia
 m - 63 scrolls of teleportation
 s - 17 scrolls of enchant armour
 t - 67 scrolls of remove curse
 x - 38 scrolls of enchant weapon
 F - 11 scrolls of recharging
 G - 2 scrolls of identify
 K - 33 scrolls of blinking
 N - 68 scrolls of fog
 Z - 2 scrolls of holy word
Potions
 e - 5 potions of restore abilities
 g - 38 potions of curing
 y - 39 potions of cure mutation
 V - 5 potions of heal wounds
Books
 D - a book of Annihilations {highlevel}

   Spells                             Type                      Level
   a - Poison Arrow                   Conjuration/Poison           6
   b - Chain Lightning                Conjuration/Air              8
   c - Lehudib's Crystal Spear        Conjuration/Earth            8
   d - Glaciate                       Conjuration/Ice              9
   e - Fire Storm                     Conjuration/Fire             9
Miscellaneous
 S - a lantern of shadows
 U - a disc of storms
Comestibles
 C - 55 bread rations
 Q - 52 fruits


   Skills:
 O Level 27 Fighting
   Level 1.4(15.9) Short Blades
   Level 24.7(24.8) Long Blades
 O Level 27 Axes
 O Level 27 Maces & Flails
 O Level 27 Staves
 O Level 27 Crossbows
 + Level 20.8 Throwing
 O Level 27 Armour
 O Level 27 Dodging
 O Level 27 Stealth
 O Level 27 Shields
 O Level 27 Unarmed Combat
 O Level 27 Spellcasting
 O Level 27 Conjurations
 O Level 27 Charms
 O Level 27 Summonings
 O Level 27 Necromancy
 O Level 27 Translocations
 O Level 27 Transmutations
 O Level 27 Fire Magic
 O Level 27 Ice Magic
 O Level 27 Air Magic
 O Level 27 Earth Magic
 O Level 27 Invocations
 O Level 27 Evocations


You couldn't memorise any spells.
You knew the following spells:

 Your Spells              Type           Power        Failure   Level  Hunger
a - Apportation           Tloc           ########..   0%          1    N/A
b - Haste                 Chrm           ########     0%          6    N/A
c - Vampiric Draining     Necr           #########.   0%          3    N/A
d - Death's Door          Chrm/Necr      #########.   1%          8    N/A
e - Summon Butterflies    Summ           ########     0%          1    N/A
f - Glaciate              Conj/Ice       ########..   2%          9    N/A
g - Necromutation         Trmt/Necr      #########.   1%          8    N/A
h - Controlled Blink      Tloc           N/A          1%          7    N/A
i - Fire Storm            Conj/Fire      ########..   2%          9    N/A
j - Phase Shift           Tloc           ########..   0%          5    N/A
k - Control Teleport      Chrm/Tloc      ########..   0%          4    N/A
m - Swiftness             Chrm/Air       ########     0%          2    N/A
n - Blink                 Tloc           N/A          0%          2    N/A
o - Tornado               Air            ########..   2%          9    N/A
p - Deflect Missiles      Chrm/Air       ########..   0%          6    N/A

Dungeon Overview and Level Annotations

Branches:
Dungeon (15/15)            Temple (0/1) D:6            Lair (8/8) D:11
 Shoals (5/5) Lair:5       Spider (5/5) Lair:5        Slime (6/6) Lair:7
    Orc (4/4) D:10            Elf (3/3) Orc:4        Vaults (5/5) D:14
  Crypt (3/3) Vaults:2       Tomb (3/3) Crypt:3      Depths (5/5) D:15
   Hell (1/1)                 Dis (7/7) Hell            Geh (7/7) Hell
    Coc (7/7) Hell            Tar (7/7) Hell            Zot (5/5) Depths:5

Altars:
Ashenzari
Cheibriados
Dithmenos
Elyvilon
Fedhas
Kikubaaqudgha
Makhleb
Nemelex Xobeh
Qazlal
Ru
Sif Muna
Trog
Vehumet
Yredelemnul
Zin
The Shining One
Beogh
Jiyva

Shops:
D:5 =   D:15 ?   Orc:4 %!(*   Vaults:1 %[=([   Vaults:2 (   Vaults:5 (
Depths:4 (

Portals:
Hell: Depths:1 Depths:2 Depths:3 Depths:4 Depths:5
Abyss: Depths:1 Depths:4
Pandemonium: Depths:1 Depths:3 Depths:5

Annotations:
D:4 Radiman's ghost, average GrEE
Geh:7 Asmodeus
Coc:7 exclusion: ice statue, Antaeus
Tar:7 Ereshkigal


Innate Abilities, Weirdness & Mutations

You are resistant to damage.
You can recharge devices by infusing magical energy.
You resist negative energy.
You passively map a large area around you.
You do not heal naturally.
You have sharp fingernails.
You are surrounded by a mild repulsion field (EV +2).
You are partially covered in iridescent scales (AC +4).
You are partially covered in large bone plates (AC +2, SH +2).
You are agile. (Dex +2)
You can breathe flames.
Your body is deteriorating.
You have an increased reservoir of magic (+10% MP).
You are resistant to hostile enchantments.
You can spit poison.


Message History

You kill the Shadow Fiend!
Makhleb accepts your kill.
You hear a sizzling sound! x13
You channel some magical energy.
You channel some magical energy.
You channel some magical energy.
You channel some magical energy.
You channel some magical energy.
You channel some magical energy.
There is a staircase leading out of the dungeon here.
You channel some magical energy.
Casting: Fire Storm
Confirm with . or Enter, or press ? or * to list all spells.
You feel a surge of power!
You extend your transformation's duration.
You channel some magical energy.
You channel some magical energy.
You channel some magical energy.
You channel some magical energy.
You have escaped!

.....#.####..........###.......#
........##............####.....##
........#....≈≈≈.≈≈≈...#.........
............≈≈...§.≈≈....########
...........≈≈..8....≈≈.......####
..#.#.....≈≈.♣.......≈≈..........
..........≈.....♣.....≈.§........
..#.#.....≈..♣....§8..≈..........
.......##.≈≈..8.L....≈≈..........
.....#+##..≈≈..♣....≈≈...........
.........#..≈≈...♣.≈≈..#.........
.........##..≈≈≈≈≈≈≈..##.........
.........###.........#####.......
≈...............#.#...####.......
≈≈....≈≈........#.........######.
≈≈...≈≈≈........###.......# #.
≈≈≈...≈.........####.3....######'


There were no monsters in sight!

Vanquished Creatures
  Cerebov (Pan)
  the royal jelly (Slime:6)
  the Serpent of Hell (Geh:7)
  Gloorx Vloq (Pan)
  Mnoleg (Pan)
  Dispater (Dis:7)
  Lom Lobon (Pan)
  3 orbs of fire
  The ghost of abixa the Evocator, a legendary HuHu of Makhleb (Tomb:3)
  58 ancient liches
  111 greater mummies
  42 shard shrikes
  121 pandemonium lords
  Sojobo (Depths:1)
  2 caustic shrikes (shapeshifter) (Zig:27)
  Margery (Vaults:3)
  Norris (Vaults:3)
  13 caustic shrikes
  Saint Roka (Depths:5)
  11 curse toes
  46 Killer Klowns
  Mennas (Vaults:3)
  Geryon (Hell)
  33 golden dragons
  A golden dragon (shapeshifter) (Depths:4)
  42 profane servitors
  2 pearl dragons (Zig:5)
  Frederick (Vaults:3)
  Arachne (Spider:5)
  51 bone dragons
  83 Brimstone Fiends
  An electric golem (Zot:5)
  6 hellephants
  66 liches
  73 tentacled monstrosities
  67 Hell Sentinels
  28 Orb Guardians
  103 Ice Fiends
  54 titans
  68 deep elf blademasters
  6 quicksilver dragons (shapeshifter)
  107 Shadow Fiends
  17 quicksilver dragons
  33 acid blobs
  5 sphinxes (shapeshifter)
  74 deep elf master archers
  A kraken (Abyss:3)
  30 octopode crushers
  4 eldritch tentacles
  An acid blob (shapeshifter) (Zig:27)
  87 Executioners
  153 tentacled starspawn
  18 sphinxes
  Agnes (Shoals:4)
  5 spellforged servitors
  8 thorn hunters
  11 storm dragons
  51 tengu reavers
  Kirke (Shoals:4)
  24 ancient champions
  2 shadow dragons (shapeshifter) (Zig:27)
  A storm dragon (shapeshifter) (Zig:27)
  The ghost of Trafet the Nimble, a mighty DDWz of Makhleb (Spider:3)
  64 revenants
  54 shadow dragons
  22 azure jellies
  5 fire giants (shapeshifter)
  165 greater nagas
  3 azure jellies (shapeshifter)
  17 daevas
  39 draconian monks
  Donald (Orc:4)
  94 chaos champions
  Wiglaf (Spider:2)
  52 fire giants
  103 frost giants
  Maud (Lair:6)
  2 frost giants (shapeshifter)
  16 iron dragons
  98 black suns
  35 deep elf sorcerers
  37 vault wardens
  Louise (Spider:4)
  141 emperor scorpions
  12 caustic shrike zombies
  8 spectral caustic shrikes
  82 draconian knights
  An iron dragon (shapeshifter) (Zig:27)
  5 curse skulls
  52 draconian zealots
  63 draconian scorchers
  59 orc warlords
  118 balrugs
  34 ironheart preservers
  6 spriggan defenders (Depths:4)
  42 warmongers
  20 angels
  10 ghouls
  27 war gargoyles
  226 ghost moths
  183 reapers
  91 cacodemons
  69 draconian annihilators
  13 caustic shrike skeletons
  7 ophanim
  113 stone giants
  45 draconian shifters
  3 elemental wellsprings (Coc:7)
  A Killer Klown zombie (Zig:27)
  60 draconian callers
  4 salamander firebrands
  2 stone giants (shapeshifter)
  32 white draconians
  63 very ugly things
  78 deep elf demonologists
  5 apis
  27 black draconians
  56 corrupters
  20 green draconians
  7 spectral titans
  28 grey draconians
  46 bennus
  33 vampire knights
  55 rakshasas
  57 lorocyprocas
  2 Killer Klown skeletons (Zig:27)
  17 dire elephants
  92 deep elf annihilators
  27 purple draconians
  33 yellow draconians
  12 unborn
  73 blood saints
  22 red draconians
  31 mottled draconians
  35 pale draconians
  24 merfolk javelineers
  13 fire dragons
  Snorg (Lair:5)
  132 mummy priests
  13 merfolk impalers
  10 quicksilver dragon zombies
  81 eidola
  6 very ugly thing zombies (Zig:27)
  43 jiangshi
  47 ettins
  30 vault guards
  7 crystal guardians
  61 deep elf death magi
  165 blizzard demons
  43 yaktaur captains
  35 great orbs of eyes
  94 green deaths
  6 spectral golden dragons
  2 minotaurs
  18 death oozes
  A very ugly thing skeleton (Zig:27)
  3 minotaurs (shapeshifter)
  5 kraken zombies
  86 ice dragons
  3 spectral quicksilver dragons
  8 death cobs
  11 quicksilver dragon skeletons
  Fannar (Lair:2)
  77 deep elf high priests
  43 ogre magi
  14 spectral tengu
  16 ghost crabs
  7 caustic shrike simulacra
  A ghost crab (shapeshifter) (Zig:8)
  6 spectral shadow dragons
  20 spriggan air magi
  31 naga warriors
  Nessos (Orc:3)
  A catoblepas (shapeshifter) (Zig:3)
  79 hydras
  The ghost of giann the Destroyer, a powerful GrFE of Vehumet (Lair:5)
  18 anacondas
  2 merfolk avatars
  78 monstrous demonspawn
  2 satyrs
  11 centaur warriors
  16 alligators
  5 anacondas (shapeshifter)
  38 merfolk aquamancers
  10 catoblepae
  16 alligator snapping turtles
  6 spectral sphinxes
  24 dancing weapons
  4 alligator snapping turtles (shapeshifter)
  2 spectral frost giants
  41 death knights
  9 death yaks
  A tengu warrior (Depths:1)
  5 deep troll earth magi
  A spectral stone giant (Zig:6)
  4 death yaks (shapeshifter)
  26 titan zombies
  25 vampire magi
  56 orc high priests
  40 shock serpents
  49 hell beasts
  15 storm dragon zombies
  6 spriggan berserkers
  27 naga sharpshooters
  190 thrashing horrors
  Urug (D:10)
  5 spectral storm dragons
  3 deep troll shamans
  159 soul eaters
  146 ice devils
  144 sun demons
  12 spectral spriggans
  Nergalle (Orc:2)
  7 iron golems
  74 hell hogs
  A fulminant prism (Pan)
  Erolcha (D:13)
  25 titan skeletons
  22 spectral elves
  29 iron trolls
  115 deep elf knights
  144 wretched stars
  61 spatial maelstroms
  3 iron trolls (shapeshifter)
  68 hell knights
  33 deep trolls
  24 salamander mystics
  122 shadow wraiths
  160 skeletal warriors
  A spectral black draconian (Zig:18)
  A spectral death yak (Zig:6)
  5 fire crabs
  2 fire crabs (shapeshifter)
  2 unseen horrors (shapeshifter)
  22 golden dragon zombies
  8 spriggan druids
  21 storm dragon skeletons
  70 deep elf summoners
  A ball lightning (Pan)
  7 cherubim
  A ghost moth zombie (Tar:1)
  28 unseen horrors
  57 torturous demonspawn
  2 death drakes (shapeshifter)
  A deep troll (shapeshifter) (Zig:8)
  85 flayed ghosts
  A spectral anaconda (Zig:27)
  73 gelid demonspawn
  9 anaconda zombies
  190 death scarabs
  10 sea snakes
  127 shadow demons
  33 orc knights
  86 infernal demonspawn
  30 naga ritualists
  616 starcursed masses
  2 sea snakes (shapeshifter)
  2 giant orange brains (shapeshifter)
  53 swamp dragons
  12 ice statues
  A harpy (shapeshifter) (Zig:8)
  4 spectral iron dragons
  A swamp dragon (shapeshifter) (Zig:27)
  An obsidian statue (D:11)
  16 deathcaps
  31 death drakes
  5 quicksilver dragon simulacra
  28 harpies
  32 giant orange brains
  42 ironbrand convokers
  Pikel (D:9)
  75 putrid demonspawn
  12 shambling mangroves
  111 deep elf conjurers
  40 hill giants
  217 wolf spiders
  14 shadow dragon zombies
  33 wizards
  38 necromancers
  67 orc sorcerers
  13 sphinx zombies
  20 golden dragon skeletons
  2 hill giants (shapeshifter)
  2 mana vipers (shapeshifter)
  13 griffons
  17 iron dragon zombies
  82 moths of wrath
  63 anubis guards
  18 wolf spider zombies
  3 oklob plants (Zig:12)
  44 worldbinders
  A wolf spider (shapeshifter) (Zig:27)
  11 frost giant zombies
  3 hornets (shapeshifter)
  65 mana vipers
  An anubis guard (shapeshifter) (Depths:4)
  205 sixfirhies
  25 draconian zombies
  5 anaconda skeletons
  3 death scarab zombies (Tomb:2)
  84 ugly things
  253 orb spiders
  An orb spider (shapeshifter) (Vaults:1)
  13 shadow dragon skeletons
  8 fire giant zombies
  19 stone giant zombies
  14 manticores
  3 moths of wrath (shapeshifter)
  2 black mambas (shapeshifter)
  12 salamanders
  An elephant (shapeshifter) (Zig:15)
  4 water nymphs (shapeshifter)
  A shining eye (shapeshifter) (Abyss:1)
  17 water nymphs
  59 cyclopes
  2 salamanders (shapeshifter)
  15 shining eyes
  23 iron dragon skeletons
  17 sphinx skeletons
  6 frost giant skeletons
  110 black mambas
  202 hornets
  3 draconians (shapeshifter)
  A spectral elephant slug (Zig:27)
  A toenail golem (Pan)
  73 phantasmal warriors
  13 sirens
  2 manticores (shapeshifter)
  A spectral shock serpent (Zig:9)
  A drowned soul (Shoals:3)
  20 spriggan zombies
  Maurice (D:9)
  63 guardian serpents
  4 shock serpent zombies
  9 stone giant skeletons
  56 elf zombies
  58 apocalypse crabs
  18 fire giant skeletons
  5 elephants
  30 torpor snails
  299 smoke demons
  4 dire elephant zombies
  24 draconian skeletons
  A queen ant (Lair:6)
  9 demonspawn zombies
  A guardian serpent (shapeshifter) (Abyss:1)
  77 naga magi
  2 shock serpent skeletons
  2 octopodes (shapeshifter)
  7 eyes of devastation
  6 kobold demonologists
  17 spriggan skeletons
  6 molten gargoyles (Geh:7)
  30 vault sentinels
  13 gargoyles
  6 titan simulacra
  82 rust devils
  244 orange demons
  61 yaktaurs
  6 dire elephant skeletons
  84 hellions
  A pale draconian zombie (Zig:9)
  3 purple draconian zombies
  Psyche (Orc:1)
  2 demonspawn skeletons
  3 mottled draconian zombies (Zig:16)
  A catoblepas zombie (Geh:5)
  7 yellow draconian zombies
  8 spectral glowing shapeshifters
  37 spiny frogs
  A spiny frog (shapeshifter) (Vaults:4)
  2 storm dragon simulacra
  48 efreet
  2 eyes of devastation (shapeshifter)
  A grey draconian zombie (Zig:16)
  43 wandering mushrooms
  An alligator snapping turtle skeleton (Crypt:1)
  3 elves (shapeshifter)
  2 emperor scorpion zombies (Crypt:3)
  9 iron troll zombies (Zig:25)
  2 red draconian zombies
  A yaktaur (shapeshifter) (Abyss:5)
  208 demonic crawlers
  39 fire drakes
  109 tormentors
  5 white draconian skeletons
  26 tengu conjurers
  40 komodo dragons
  2 anaconda simulacra
  245 hellwings
  5 golden dragon simulacra
  183 guardian mummies
  3 pale draconian skeletons
  2 yellow draconian skeletons (Zig:16)
  114 ancient zymes
  2 green draconian skeletons
  A purple draconian skeleton (Zig:16)
  A death drake zombie (Zig:10)
  46 elf skeletons
  4 wolf spider simulacra
  A merfolk (shapeshifter) (Zig:27)
  153 red devils
  4 jumping spiders (shapeshifter)
  176 slime creatures
  A ghoul skeleton (Zig:18)
  3 mottled draconian skeletons
  2 red draconian skeletons
  5 wind drakes
  2 grey draconian skeletons (Zig:16)
  24 two-headed ogres
  A two-headed ogre (shapeshifter) (Abyss:1)
  222 jumping spiders
  A troll (shapeshifter) (Zig:23)
  2 harpy zombies
  25 merfolk
  6 shadow dragon simulacra
  4 tengu simulacra
  122 blue devils
  4 queen bees (shapeshifter)
  Sonja (Orc:2)
  124 freezing wraiths
  13 hydra zombies
  19 silent spectres
  25 trolls
  4 harpy skeletons
  165 fire vortices
  10 moth of wrath zombies (Zig:25)
  2 sphinx simulacra
  A polar bear (shapeshifter) (Zig:15)
  13 ravens
  68 deep elf priests
  49 blink frogs
  31 boulder beetles
  15 giant leeches
  A baby alligator (shapeshifter) (Abyss:3)
  3 ugly thing zombies
  10 hydra skeletons
  8 tarantella zombies (Spider:4)
  3 blink frogs (shapeshifter)
  3 polar bears
  6 basilisks
  227 raiju
  8 alligator zombies
  A slime creature (shapeshifter) (Zig:12)
  56 ushabtiu
  23 bog bodies
  2 boulder beetles (shapeshifter)
  2 spectral manticores
  4 ice dragon zombies
  A fire dragon zombie (Coc:3)
  2 frost giant simulacra
  6 iron dragon simulacra
  A fire giant simulacrum (Coc:1)
  217 trapdoor spiders
  7 snapping turtles
  A spectral swamp dragon (Tomb:1)
  7 ettin zombies
  238 redbacks
  2 stone giant simulacra
  3 basilisks (shapeshifter)
  A shock serpent simulacrum (Tomb:3)
  A trapdoor spider (shapeshifter) (Vaults:2)
  257 flying skulls
  3 spriggan simulacra
  8 ettin skeletons
  13 fire dragon skeletons
  205 ynoxinuls
  An ice dragon skeleton (Abyss:1)
  123 shadows
  134 deep elf magi
  5 wyverns
  6 black mamba zombies
  A human (shapeshifter) (Vaults:4)
  3 alligator skeletons
  A redback (shapeshifter) (Zig:9)
  15 spriggans
  A steam dragon (shapeshifter) (Zig:27)
  179 tarantellas
  71 vampires
  43 water elementals
  A hippogriff (shapeshifter) (Abyss:5)
  515 large abominations
  A spectral komodo dragon (Zig:15)
  14 hippogriffs
  A tarantella (shapeshifter) (Zig:8)
  25 fire elementals
  5 air elementals
  2 hogs (shapeshifter)
  A human (Zot:4)
  8 mottled dragons
  24 fire bats
  63 yaks
  3 yaks (shapeshifter)
  4 spriggans (shapeshifter)
  2 golden eyes (shapeshifter)
  47 golden eyes
  264 neqoxecs
  98 wraiths
  A water moccasin (shapeshifter) (Zig:23)
  38 vampire mosquitoes
  16 earth elementals
  44 spatial vortices
  A catoblepas simulacrum (Abyss:5)
  139 deep elf fighters
  74 hungry ghosts
  214 small abominations
  3 steam dragons
  158 chaos spawn
  A soldier ant (shapeshifter) (Zig:23)
  8 wolves
  2 merfolk zombies
  A spectral raiju (Zig:15)
  33 insubstantial wisps
  36 nagas
  A harpy simulacrum (Coc:3)
  Edmund (D:9)
  A mottled dragon (shapeshifter) (Zig:9)
  22 human zombies
  An emperor scorpion simulacrum (Abyss:3)
  2 salamander zombies (Zig:21)
  7 sky beasts
  3 spectral snapping turtles
  18 wargs
  A deep dwarf (shapeshifter) (Zig:27)
  A torturous demonspawn skeleton (Abyss:3)
  21 soldier ants
  8 spiny frog zombies
  5 spiny frog skeletons
  52 water moccasins
  A dwarf (shapeshifter) (Zig:18)
  7 porcupines
  A spectral polar bear (Zig:22)
  A merfolk skeleton (Coc:2)
  A spider (shapeshifter) (Abyss:2)
  103 orc warriors
  A putrid demonspawn skeleton (Crypt:2)
  A swamp drake (shapeshifter) (Zig:27)
  An ettin simulacrum (Abyss:3)
  83 ogres
  6 hydra simulacra
  An ice beast (shapeshifter) (Zig:27)
  81 ice beasts
  37 swamp drakes
  116 spiders
  An eye of draining (shapeshifter) (Zig:6)
  39 eyes of draining
  2 ice dragon simulacra
  2 black bears
  11 phantoms
  3 slaves (D:9)
  81 hell hounds
  A swamp dragon zombie (Tomb:3)
  A boring beetle (shapeshifter) (Vaults:1)
  2 ghost crab zombies
  8 snapping turtle zombies
  8 boggarts
  9 boring beetles
  A manticore skeleton (Geh:7)
  36 wasps
  A black mamba simulacrum (Abyss:3)
  8 snapping turtle skeletons
  28 centaurs
  A boggart (shapeshifter) (Zig:22)
  2 swamp dragon skeletons
  2 elephant skeletons (Crypt:1)
  87 necrophages
  Sigmund (D:4)
  Duvessa (Orc:1)
  22 big kobolds
  3 apocalypse crab zombies (Zig:27)
  28 giant frogs
  2 brain worms (shapeshifter)
  A spectral black bear (Zig:15)
  30 crocodiles
  2 gnoll sergeants
  10 brain worms
  Blork the orc (D:7)
  9 spider zombies (Spider:4)
  A spectral boulder beetle (Zig:18)
  2 spiny frog simulacra
  4 glowing shapeshifter simulacra
  A hell hound zombie (Zig:19)
  57 scorpions
  4 warg zombies (Zig:25)
  A deep troll simulacrum (Vaults:3)
  A water moccasin zombie (D:6)
  A wyvern skeleton (D:14)
  9 naga zombies (Zig:21)
  4 troll zombies
  A boulder beetle zombie (Zig:17)
  2 raiju zombies (Abyss:1)
  A manticore simulacrum (Tomb:1)
  A swamp dragon simulacrum (Hell)
  27 killer bees
  7 electric eels
  60 jellies
  A spectral felid (Pan)
  134 wights
  12 elf simulacra
  A giant frog zombie (D:8)
  5 naga skeletons (Zig:21)
  A spectral giant frog (Zig:18)
  Dowan (Orc:1)
  A snapping turtle simulacrum (Tomb:1)
  3 centaur zombies
  56 crimson imps
  5 goliath beetles
  13 hounds
  2 two-headed ogre zombies (Zig:25)
  A giant frog skeleton (D:11)
  55 quasits
  5 centaur skeletons
  A kobold zombie (Abyss:3)
  41 orc priests
  2 gnoll shamans
  75 iron imps
  45 orc wizards
  Natasha (D:4)
  10 human skeletons
  11 iguanas
  33 sheep
  A worker ant (shapeshifter) (D:14)
  A lightning spire (Zig:8)
  58 hell rats
  51 worker ants
  A crocodile zombie (Crypt:1)
  25 tengu zombies
  11 ogre zombies
  A human simulacrum (Tomb:1)
  A felid skeleton (Crypt:2)
  29 tengu skeletons
  18 necrophage skeletons
  2 ogre skeletons
  347 mummies
  2 spectral worker ants (Zig:27)
  A spectral iguana (Zig:13)
  A spectral halfling (Zig:27)
  A worker ant zombie (D:10)
  Robin (D:3)
  29 gnolls
  33 adders
  56 river rats
  74 shadow imps
  A steam dragon skeleton (Crypt:2)
  A giant mite (D:10)
  98 white imps
  11 worms
  445 ufetubi
  2 worms (shapeshifter)
  A giant eyeball (Zig:27)
  2 gnoll zombies
  6 giant geckos
  2 oozes
  441 orcs
  22 bats
  A bat skeleton (D:7)
  4 giant cockroaches
  70 hobgoblins
  12 jackals
  41 kobolds
  A giant gecko (shapeshifter) (Zig:22)
  3 giant newts
  3 giant spores
  76 goblins
  10 goblin zombies
  2 hobgoblin skeletons (D:10)
  11 hobgoblin zombies
  13 lurking horrors
  4 orc skeletons
  99 orc zombies
  9 quokkas
  19 rats
  A rat skeleton (Crypt:1)
  A spectral giant cockroach (Zig:27)
  A spectral giant gecko (Zig:17)
  A spectral jackal (Zig:15)
  17 ballistomycetes
  240 blocks of ice
  79 briar patches
  A bush (Lair:7)
  52 butterflies
  96 crawling corpses
  An eldritch tentacle segment (Zig:18)
  3 fungi
  25 grand avatars
  20 plants
  119 starspawn tentacles
  2 starspawn tentacle segments
  20 tentacles
  2 tentacle segments
24196 creatures vanquished.

Vanquished Creatures (collateral kills)
  A caustic shrike (Depths:3)
  A Killer Klown (Zot:5)
  A golden dragon (Depths:2)
  Xtahua (Vaults:3)
  A bone dragon (Depths:5)
  2 tentacled monstrosities
  3 liches
  2 Shadow Fiends (Pan)
  2 titans (Vaults:5)
  3 tentacled starspawn
  A kraken (Shoals:5)
  Polyphemus (Shoals:3)
  A storm dragon (Vaults:5)
  A sphinx (Depths:4)
  A shadow dragon (Zot:2)
  Ilsuiw (Shoals:4)
  A greater naga (Zig:7)
  A frost giant (Vaults:4)
  A fire giant (Depths:2)
  A ghost moth (Spider:5)
  Aizul (Vaults:1)
  3 emperor scorpions
  A spriggan defender (Depths:4)
  A very ugly thing (Depths:4)
  Jorgrun (Spider:5)
  2 ironheart preservers (Vaults:4)
  A war gargoyle (Vaults:5)
  3 stone giants
  A dire elephant (Depths:2)
  A deep elf annihilator (Depths:4)
  2 ettins
  A deep elf death mage (Elf:3)
  A crystal guardian (Vaults:4)
  A green death (Pan)
  2 mummy priests
  A yaktaur captain (Vaults:1)
  4 vault guards
  4 merfolk impalers
  2 fire dragons
  2 deep elf high priests
  A death cob (Zot:3)
  A great orb of eyes (Depths:5)
  6 ice dragons
  A ghost crab (Zig:17)
  A hydra (Lair:7)
  A monstrous demonspawn (Pan)
  2 merfolk avatars
  4 ogre magi
  2 centaur warriors
  A deep troll shaman (Depths:5)
  3 dancing weapons
  A catoblepas (Shoals:3)
  2 death yaks (Shoals:3)
  3 deep troll earth magi
  2 merfolk aquamancers
  5 thrashing horrors
  A spriggan (Depths:4)
  A soul eater (Pan)
  A sun demon (Pan)
  3 hell knights
  A shadow wraith (Vaults:4)
  2 deep elf knights (Elf:2)
  A death scarab (Tomb:2)
  2 skeletal warriors
  A spatial maelstrom (Abyss:3)
  2 sea snakes (Shoals:3)
  2 giant orange brains
  A deep troll (Depths:3)
  2 deep elf summoners
  5 griffons
  A harpy (Shoals:1)
  6 orb spiders
  An anubis guard (Zig:13)
  7 ugly things
  7 manticores
  A wolf spider zombie (Spider:4)
  2 hornets
  14 wolf spiders
  5 cyclopes
  A sphinx skeleton (Zig:19)
  A tengu skeleton (Zig:19)
  A death scarab zombie (Tomb:2)
  A sixfirhy (Abyss:1)
  A deathcap (Zot:4)
  An elephant (Zot:4)
  2 sirens (Shoals:5)
  5 smoke demons
  4 vault sentinels
  A drowned soul (Shoals:3)
  A queen ant (Vaults:5)
  2 orange demons (Pan)
  A rust devil (D:14)
  8 yaktaurs
  2 freezing wraiths
  5 demonic crawlers
  A komodo dragon (Lair:8)
  11 jumping spiders
  An ancient zyme (Zig:27)
  A wandering mushroom (Zot:4)
  9 merfolk
  2 hellwings (Pan)
  2 spriggan zombies (Depths:4)
  A red devil (Pan)
  3 wind drakes
  A tarantella zombie (Spider:4)
  3 raiju
  A slime creature (shapeshifter) (Vaults:2)
  A boulder beetle (Spider:3)
  2 two-headed ogres (Vaults:2)
  An ushabti (Tomb:3)
  A shadow (Zig:19)
  5 snapping turtles
  7 trapdoor spiders
  4 tarantellas
  A yak (Lair:8)
  17 redbacks
  An ice dragon skeleton (Tomb:3)
  2 hogs (Shoals:4)
  6 water elementals
  2 elf zombies
  2 deep elf fighters
  A hippogriff (Shoals:4)
  A vampire mosquito (Vaults:1)
  3 wargs
  A porcupine (Lair:6)
  A mottled dragon (Vaults:2)
  An ice beast (Zig:24)
  A black bear (D:12)
  A naga (Zig:4)
  2 wasps (Depths:4)
  6 spiders
  7 large abominations
  An orc warrior (D:12)
  6 ogres
  A centaur (D:14)
  2 giant frogs
  3 spider zombies (Spider:4)
  3 scorpions
  A crimson imp (Abyss:5)
  A killer bee (D:14)
  5 starcursed masses
  2 quasits
  2 small abominations
  2 iron imps
  An orc wizard (Depths:5)
  2 iguanas (Lair:8)
  5 sheep
  9 mummies
  A river rat (Lair:8)
  A gnoll (D:12)
  5 shadow imps
  16 ufetubi
  11 orcs
  2 hobgoblins (D:6)
  2 kobolds (D:14)
  An orc zombie (Zig:25)
  A block of ice (D:15)
  A butterfly (D:6)
  4 crawling corpses
  4 fungi
  6 plants
  A starspawn tentacle (Zig:27)
419 creatures vanquished.

Vanquished Creatures (others)
  An orb of fire (Zot:5)
  3 ancient liches
  2 shard shrikes
  A profane servitor (Zig:18)
  7 pandemonium lords
  2 Brimstone Fiends
  4 tentacled monstrosities
  2 Hell Sentinels
  A quicksilver dragon (Zig:14)
  2 Ice Fiends (Zig:22)
  2 deep elf master archers
  2 titans
  A deep elf blademaster (Elf:3)
  A lich (Dis:2)
  A tentacled starspawn (Zig:12)
  8 eldritch tentacles
  2 Executioners
  2 shadow dragons (Zig:22)
  7 octopode crushers
  6 tengu reavers
  A draconian monk (Zig:24)
  2 revenants (Zig:18)
  9 greater nagas
  24 ghost moths
  5 frost giants
  A spectral caustic shrike (Zig:20)
  4 vault wardens
  An iron dragon (Zig:13)
  2 fire giants
  2 caustic shrike zombies
  7 draconian knights
  2 fulminant prisms (Pan)
  3 draconian zealots
  A balrug (Zig:24)
  5 reapers
  2 draconian scorchers (Zig:21)
  An orc warlord (Zig:25)
  21 emperor scorpions
  A stone giant (Zig:13)
  A caustic shrike skeleton (Zig:27)
  5 draconian annihilators
  A Killer Klown zombie (Zig:27)
  A very ugly thing (Zig:17)
  A draconian shifter (Zig:24)
  A draconian caller (Zig:16)
  3 deep elf annihilators
  2 deep elf demonologists
  A grey draconian (Zig:16)
  4 bennus
  5 blood saints
  3 white draconians
  3 lorocyprocas
  3 purple draconians
  3 chaos champions
  3 blizzard demons
  A black sun (Pan)
  4 very ugly thing zombies
  A pale draconian (Zig:12)
  2 eidola
  2 yellow draconians
  Arachne zombie (Spider:5)
  9 merfolk javelineers
  5 deep elf death magi
  A green death (Zig:18)
  A mummy priest (Zig:13)
  A spectral golden dragon (Zig:18)
  A merfolk impaler (Zig:24)
  A quicksilver dragon zombie (Vaults:5)
  2 deep elf high priests (Zig:23)
  A vault guard (Vaults:5)
  2 spectral weapons
  7 hydras
  2 naga warriors
  6 merfolk aquamancers
  A spriggan air mage (Zig:21)
  An anaconda (Zig:15)
  An alligator snapping turtle (Zig:24)
  2 death knights
  A deep troll earth mage (Depths:4)
  4 dancing weapons
  An ogre mage (Zig:21)
  A hell beast (Zig:22)
  A thrashing horror (Abyss:1)
  3 tengu zombies
  An orc high priest (Zig:23)
  A titan zombie (Zig:17)
  2 naga sharpshooters
  A shock serpent (Zig:20)
  2 iron golems (Zig:13)
  2 soul eaters
  2 storm dragon zombies
  A deep elf knight (Zig:17)
  A titan skeleton (Zig:27)
  A sea snake (Zig:24)
  A wizard (Pan)
  2 golden dragon zombies
  2 spectral elves
  A deep troll (Depths:5)
  A death drake (Zig:21)
  4 skeletal warriors
  2 spatial maelstroms
  8 ball lightnings (Pan)
  2 salamander mystics
  2 storm dragon skeletons
  A quicksilver dragon simulacrum (Zig:27)
  23 death scarabs
  A ghost moth zombie (Zot:2)
  4 swamp dragons
  An anaconda zombie (Geh:3)
  A deep elf summoner (Zig:23)
  4 shadow dragon zombies
  3 shadow demons
  2 anubis guards
  A hill giant (Zig:26)
  2 golden dragon skeletons
  4 deep elf conjurers
  4 moths of wrath
  2 wolf spider zombies (Spider:2)
  11 wolf spiders
  36 orb spiders
  An anaconda skeleton (Tomb:3)
  2 draconian zombies
  A necromancer (Zig:20)
  An orc knight (Zig:17)
  22 ugly thing zombies
  2 hell hog zombies
  19 human zombies
  3 sphinx zombies
  3 stone giant zombies
  5 mana vipers
  3 fire giant zombies
  An ugly thing (Depths:4)
  A tengu skeleton (Zig:21)
  3 death scarab zombies
  13 centaur zombies
  9 hornets
  2 salamanders
  A hell hog skeleton (Abyss:5)
  2 worldbinders
  2 rust devils
  2 sixfirhies (Pan)
  A phantasmal warrior (Zig:20)
  8 demonspawn zombies (Pan)
  5 guardian serpents
  4 draconian skeletons
  3 torpor snails
  2 smoke demons
  2 fire giant skeletons
  22 drowned souls
  5 black mambas
  6 large abominations
  4 demonspawn skeletons
  5 hellions
  3 spiny frogs
  A naga mage (Zig:21)
  An orange demon (Pan)
  A white draconian zombie (Zot:4)
  A red draconian zombie (Zig:9)
  An emperor scorpion zombie (Depths:4)
  A sea snake zombie (Shoals:1)
  A purple draconian zombie (Zot:2)
  A yellow draconian zombie (Depths:5)
  2 black draconian zombies
  A mottled draconian zombie (Vaults:1)
  A pale draconian zombie (Zot:3)
  10 redback zombies
  A spectral glowing shapeshifter (Zig:18)
  2 hellwings (Zig:22)
  2 tengu conjurers (Zig:21)
  7 demonic crawlers
  A guardian mummy (Zig:13)
  3 merfolk
  A freezing wraith (Zig:13)
  A red devil (Geh:7)
  2 fire drakes
  A blue devil (Coc:4)
  6 tormentors
  15 jumping spiders
  2 jumping spider zombies
  A blink frog (Zig:22)
  2 trapdoor spider zombies (Spider:5)
  3 demonic crawler zombies
  A human (Shoals:4)
  2 moth of wrath zombies
  A wind drake (Shoals:4)
  357 fire vortices
  A boulder beetle (Zig:17)
  2 giant leeches
  8 harpy zombies
  11 small abominations
  A slime creature (Zig:20)
  3 ettin zombies
  3 ravens
  A snapping turtle (Zig:24)
  4 hornet zombies
  2 fire dragon zombies
  3 ice dragon zombies
  A raiju (shapeshifter) (Zig:23)
  4 tarantella zombies
  A black mamba zombie (Lair:8)
  6 deep troll zombies
  5 raiju
  5 flying skulls
  A tarantella (shapeshifter) (Zig:27)
  A spriggan skeleton (Zig:5)
  16 trapdoor spiders
  An ice dragon skeleton (Depths:2)
  3 water elementals
  2 shadows
  8 spriggan zombies
  14 redbacks
  2 fire dragon skeletons
  2 hill giant zombies
  10 tarantellas
  A hippogriff (Zig:24)
  2 wraiths
  A fire elemental (Zig:27)
  4 deep elf fighters
  A fire bat (Zig:22)
  2 golden eyes
  A warg (Elf:2)
  4 ynoxinuls
  3 gelid demonspawn zombies (Pan)
  3 chaos spawn
  4 monstrous demonspawn zombies (Pan)
  4 neqoxecs
  A torturous demonspawn zombie (Pan)
  3 merfolk zombies
  6 putrid demonspawn zombies (Pan)
  2 infernal demonspawn zombies (Pan)
  A spiny frog zombie (Lair:7)
  2 nagas
  3 orb spider zombies
  8 swamp drakes
  8 spiders
  A fire dragon simulacrum (Abyss:3)
  2 water moccasins
  3 eyes of draining (Zig:27)
  A blink frog zombie (Abyss:2)
  2 necrophages
  3 snapping turtle zombies
  4 wasps
  A boring beetle (Zig:25)
  2 crocodiles
  5 vampire mosquito zombies
  30 lost souls
  8 elf skeletons
  3 human skeletons
  3 apocalypse crab zombies
  A torpor snail zombie (Spider:5)
  7 spider zombies
  2 giant frogs
  11 yaktaur zombies
  5 cyclops zombies
  An earth elemental (Zig:13)
  2 killer bees (Zig:27)
  5 scorpions
  A hippogriff zombie (D:12)
  A polar bear zombie (Depths:1)
  A boulder beetle zombie (Vaults:3)
  6 raiju zombies
  2 yak zombies
  A naga skeleton (Zig:21)
  2 raiju skeletons
  A jelly (Zig:6)
  3 quasits
  A two-headed ogre zombie (Vaults:2)
  3 starcursed masses
  27 elf zombies
  2 wasp zombies (Depths:4)
  A basilisk zombie (Lair:1)
  4 iron imps
  An orc wizard (Orc:4)
  A porcupine zombie (Lair:7)
  2 worker ants (Zig:27)
  2 hell rats
  5 naga zombies
  14 ogre zombies
  A sky beast zombie (D:14)
  A mummy (Tomb:1)
  An adder (Zig:4)
  9 shadow imps
  4 white imps
  A giant eyeball (Pan)
  41 ufetubi
  An adder zombie (Lair:8)
  11 sheep zombies
  An orc (Zig:25)
  2 gnoll zombies (D:12)
  4 giant spores
  2 goblin zombies
  3 hobgoblin zombies (D:6)
  A kobold skeleton (D:14)
  3 kobold zombies
  22 lurking horrors
  22 orc zombies
  3 ballistomycetes
  273 blocks of ice
  2 briar patches
  4 butterflies
  A crawling corpse (Zig:23)
  605 eldritch tentacle segments
  3 fungi
  14 plants
  4 singularities (Zig:27)
  337 starspawn tentacles
  3641 starspawn tentacle segments
  28 tentacles
  1711 tentacle segments
8121 creatures vanquished.

Grand Total: 32736 creatures vanquished

Notes
Turn   | Place    | Note
--------------------------------------------------------------
     0 | D:1      | Trafet, the Deep Dwarf Necromancer, began the quest for the Orb.
     0 | D:1      | Reached XP level 1. HP: 15/15 MP: 2/2
   322 | D:1      | Reached XP level 2. HP: 19/22 MP: 0/4
   696 | D:1      | Reached skill level 5 in Necromancy
   699 | D:1      | Learned a level 1 spell: Animate Skeleton
   938 | D:1      | Reached XP level 3. HP: 24/28 MP: 3/6
  1109 | D:1      | Learned a level 3 spell: Vampiric Draining
  1228 | D:2      | Found a burning altar of Makhleb.
  1246 | D:2      | Became a worshipper of Makhleb the Destroyer
  1792 | D:2      | Reached XP level 4. HP: 30/37 MP: 1/7
  1905 | D:2      | Reached skill level 6 in Necromancy
  2042 | D:2      | Acquired Makhleb's first power
  2368 | D:3      | Reached XP level 5. HP: 38/43 MP: 5/9
  2476 | D:3      | Noticed a necrophage
  2966 | D:4      | Noticed Robin
  3088 | D:3      | Killed Robin
  3088 | D:3      | Reached skill level 7 in Necromancy
  3108 | D:3      | Acquired Makhleb's second power
  3349 | D:4      | Noticed a phantom
  3526 | D:4      | Noticed Radiman's ghost (average GrEE)
  3529 | D:4      | Killed a phantom
  3529 | D:4      | Reached XP level 6. HP: 32/50 MP: 9/11
  3554 | D:5      | Entered Level 5 of the Dungeon
  3663 | D:6      | Found a staircase to the Ecumenical Temple.
  4177 | D:6      | Found a bloodstained altar of Trog.
  4507 | D:5      | Reached XP level 7. HP: 21/56 MP: 4/15
  5056 | D:4      | Reached skill level 5 in Dodging
  5062 | D:4      | Found a white marble altar of Elyvilon.
  5156 | D:4      | Found a basalt altar of Yredelemnul.
  5157 | D:4      | Noticed a profane servitor
  5239 | D:4      | Got a polished whip
  5240 | D:4      | Identified the +6 whip "Bonuag" {drain, *Rage rElec Str+5 Dex-3 Stlth+} (You found it on level 4 of the Dungeon)
  5253 | D:4      | Found a glowing golden altar of the Shining One.
  5254 | D:4      | Noticed an angel
  5295 | D:4      | Noticed Natasha
  5298 | D:4      | Killed Natasha
  5704 | D:4      | Noticed Sigmund
  5716 | D:4      | Killed Sigmund
  5716 | D:4      | Reached skill level 1 in Maces & Flails
  5868 | D:5      | Learned a level 4 spell: Animate Dead
  5873 | D:5      | Learned a level 4 spell: Control Undead
  5924 | D:5      | Acquired Makhleb's third power
  5939 | D:5      | Found Kleggij's Jewellery Emporium.
  6125 | D:5      | Bought an uncursed ring of see invisible for 165 gold pieces
  6293 | D:5      | Reached XP level 8. HP: 55/63 MP: 5/18
  7278 | D:6      | Killed a necrophage
  7298 | D:6      | Found an ancient bone altar of Kikubaaqudgha.
  7298 | D:6      | Found a blossoming altar of Fedhas.
  7402 | D:6      | Reached skill level 5 in Maces & Flails
  7442 | D:6      | Acquired Makhleb's fourth power
  7538 | D:6      | Reached skill level 8 in Dodging
  7869 | D:6      | Gained mutation: You passively map the area around you. [level up]
  7869 | D:6      | Reached XP level 9. HP: 64/69 MP: 2/20
  8113 | D:6      | Acquired Makhleb's fifth power
  8633 | D:7      | Reached skill level 9 in Dodging
  9039 | D:7      | Noticed Blork the orc
  9048 | D:7      | Killed Blork the orc
  9294 | D:7      | Found a shadowy altar of Dithmenos.
 10108 | D:8      | Reached skill level 10 in Dodging
 10394 | D:9      | Noticed Maurice
 10409 | D:9      | Killed Maurice
 10409 | D:9      | Reached XP level 10. HP: 76/76 MP: 9/21
 10697 | D:9      | Found a shattered altar of Ashenzari.
 10697 | D:9      | Found a deep blue altar of Sif Muna.
 10697 | D:9      | Noticed Pikel
 10735 | D:9      | Killed Pikel
 10735 | D:9      | Reached skill level 11 in Dodging
 10803 | D:9      | Found a sacrificial altar of Ru.
 10803 | D:9      | Found a snail-covered altar of Cheibriados.
 10804 | D:9      | Found a stormy altar of Qazlal.
 11278 | D:9      | Noticed Edmund
 11286 | D:9      | Killed Edmund
 11544 | D:9      | Reached skill level 10 in Maces & Flails
 11581 | D:9      | Reached skill level 12 in Dodging
 11893 | D:9      | Found a glowing silver altar of Zin.
 11893 | D:9      | Found a burning altar of Makhleb.
 11894 | D:9      | Noticed a cacodemon
 11894 | D:9      | Noticed an angel
 11955 | D:10     | Entered Level 10 of the Dungeon
 11973 | D:10     | Reached XP level 11. HP: 82/82 MP: 17/22
 12259 | D:10     | Noticed Urug
 12295 | D:10     | HP: 2/82 [Urug/great mace (28)]
 12296 | D:10     | Killed Urug
 12511 | D:10     | Found a staircase to the Orcish Mines.
 12512 | D:10     | Got a pitted long sword
 12513 | D:10     | Identified the cursed -1 long sword "Okkigifa" {slice, rPois} (You found it on level 10 of the Dungeon)
 12636 | D:10     | Reached skill level 1 in Shields
 13476 | D:10     | Got a glittering golden ring
 13480 | D:10     | Identified the ring of Mibraymips {rPois Dex+6 Slay+5} (You found it on level 10 of the Dungeon)
 13596 | D:10     | Noticed a hill giant
 13618 | D:10     | Killed a hill giant
 13618 | D:10     | Reached skill level 5 in Shields
 13821 | D:11     | Noticed a four-headed hydra
 13835 | D:11     | Killed a four-headed hydra
 14389 | D:11     | Noticed an obsidian statue
 14436 | D:11     | Reached XP level 12. HP: 90/90 MP: 23/23
 14454 | D:11     | Killed an unseen horror
 14476 | D:11     | Reached skill level 10 in Shields
 14634 | D:11     | Killed an obsidian statue
 14728 | D:11     | Noticed a seven-headed hydra
 14738 | D:11     | Killed a seven-headed hydra
 14850 | D:11     | Found a staircase to the Lair.
 14858 | Lair:1   | Entered Level 1 of the Lair of Beasts
 15085 | Lair:1   | Found a radiant altar of Vehumet.
 15876 | Lair:2   | Noticed a six-headed hydra
 15887 | Lair:2   | Noticed Fannar
 15893 | Lair:2   | Killed a six-headed hydra
 15919 | Lair:2   | Killed Fannar
 16207 | Lair:2   | Reached skill level 13 in Shields
 16749 | Lair:2   | Identified a scroll of acquirement
 16750 | Lair:2   | Got a pair of ancient boots
 16761 | Lair:2   | Identified the -1 pair of boots "Ticaux" {+Fly Regen+ Int-4 Slay+5 Stlth-} (You acquired it on level 2 of the Lair of Beasts)
 17240 | Lair:3   | Noticed a four-headed hydra
 17248 | Lair:3   | Killed a four-headed hydra
 17248 | Lair:3   | Reached skill level 14 in Shields
 17472 | Lair:3   | Reached XP level 13. HP: 96/96 MP: 24/24
 18965 | Lair:5   | Found a staircase to the Shoals.
 19029 | Lair:5   | Reached skill level 15 in Shields
 19087 | Lair:5   | Noticed giann's ghost (powerful GrFE)
 19100 | Lair:5   | Killed giann's ghost
 19199 | Lair:5   | Noticed Snorg
 19216 | Lair:5   | Killed Snorg
 20006 | Lair:5   | Reached skill level 1 in Fighting
 20006 | Lair:5   | Reached skill level 1 in Armour
 20014 | Lair:5   | Found a hole to the Spider Nest.
 20796 | Lair:6   | Noticed Maud
 20812 | Lair:6   | Killed Maud
 20812 | Lair:6   | Reached skill level 5 in Armour
 20812 | Lair:6   | Gained mutation: You resist negative energy. [level up]
 20812 | Lair:6   | Reached XP level 14. HP: 115/115 MP: 25/25
 21602 | Lair:7   | Found a staircase to the Slime Pits.
 21602 | Lair:7   | Found a viscous altar of Jiyva.
 21687 | Lair:7   | Reached skill level 5 in Fighting
 22317 | Lair:8   | Entered Level 8 of the Lair of Beasts
 23755 | Orc:1    | Entered Level 1 of the Orcish Mines
 23823 | Orc:1    | Noticed Dowan
 23824 | Orc:1    | Noticed Duvessa
 23827 | Orc:1    | Killed Duvessa
 23829 | Orc:1    | Killed Dowan
 23872 | Orc:1    | Noticed Psyche
 23883 | Orc:1    | Killed Psyche
 24139 | Orc:2    | Noticed Nergalle
 24194 | Orc:2    | Killed Nergalle
 24284 | Orc:2    | Noticed Sonja
 24293 | Orc:2    | Killed Sonja
 24444 | Orc:3    | Noticed Nessos
 24479 | Orc:3    | Killed Nessos
 25046 | Orc:4    | Entered Level 4 of the Orcish Mines
 25256 | Orc:4    | Found a roughly hewn altar of Beogh.
 25446 | Orc:4    | Found Qaufinlaet's Distillery.
 25452 | Orc:4    | Bought a potion of experience for 700 gold pieces
 25458 | Orc:4    | Found Qoan's Food Shoppe.
 25567 | Orc:4    | Reached skill level 10 in Armour
 25567 | Orc:4    | Reached XP level 15. HP: 129/133 MP: 25/25
 25958 | Orc:4    | Noticed Donald
 25983 | Orc:4    | Killed Donald
 26000 | Orc:4    | Found a roughly hewn altar of Beogh.
 26023 | Orc:4    | Noticed an orc warlord
 26036 | Orc:4    | Found Wawaacet's Weapon Emporium.
 26790 | Orc:4    | Got a pitted shield {Donald}
 26799 | Orc:4    | Killed an orc warlord
 26863 | Orc:4    | Identified the cursed -5 shield of Xihucod {rElec Str-4 Int+4 Slay+3} (You took it off Donald on level 4 of the Orcish Mines)
 26933 | Orc:4    | Reached XP level 16. HP: 142/142 MP: 26/26
 27069 | Orc:4    | Found Twuopt's Assorted Antiques.
 27079 | Orc:4    | Bought a scroll of recharging for 342 gold pieces
 27248 | Orc:4    | Found a staircase to the Elven Halls.
 28177 | Orc:4    | Bought a +2 hand crossbow of flaming for 219 gold pieces
 28536 | Spider:1 | Entered Level 1 of the Spider Nest
 28603 | Spider:1 | Got a spiked buckler
 28604 | Spider:1 | Identified the +1 buckler "Telulaf" {+Inv rPois rF+ Int-4 SInv} (You found it on level 1 of the Spider Nest)
 28673 | Spider:1 | Reached skill level 1 in Axes
 29162 | Spider:2 | Got an encrusted battleaxe
 29163 | Spider:2 | Identified the +5 battleaxe "Orb Guardian's Bane" {elec, rF+ rN+ Str+4} (You found it on level 2 of the Spider Nest)
 29381 | Spider:2 | Noticed Wiglaf
 29400 | Spider:2 | Killed Wiglaf
 29516 | Spider:2 | Identified a +2 pair of boots of running (You acquired it on level 2 of the Spider Nest)
 29606 | Spider:3 | Reached skill level 10 in Fighting
 29692 | Spider:3 | You fall through a shaft!
 29692 | Spider:4 | Noticed Louise
 30156 | Spider:4 | Reached skill level 15 in Dodging
 30186 | Spider:4 | Killed Louise
 30389 | Spider:4 | Reached skill level 1 in Evocations
 30588 | Spider:3 | Noticed Trafet's ghost (mighty DDWz)
 30624 | Spider:3 | Killed Trafet's ghost
 31076 | Lair:2   | Learned a level 6 spell: Haste
 31174 | Shoals:1 | Entered Level 1 of the Shoals
 31522 | Shoals:1 | Reached XP level 17. HP: 108/156 MP: 27/27
 31567 | Shoals:1 | Reached skill level 5 in Evocations
 32082 | Shoals:2 | Found a frozen archway.
 32102 | IceCv    | Entered an ice cave
 33908 | Shoals:4 | Got a pair of fine gloves
 33919 | Shoals:4 | Identified the +0 pair of gloves of Love and Death {Str+4} (You acquired it on level 4 of the Shoals)
 33938 | Shoals:4 | Noticed Ilsuiw
 34076 | Shoals:4 | Noticed Agnes
 34095 | Shoals:4 | Killed Agnes
 34118 | Shoals:4 | Reached skill level 16 in Dodging
 34120 | Shoals:4 | Noticed Polyphemus
 34390 | Shoals:4 | HP: 4/157 [Polyphemus/large rock (23)]
 34876 | D:12     | Reached skill level 1 in Charms
 35180 | D:12     | Found a shattered altar of Ashenzari.
 35344 | D:12     | Found a staircase to the Orcish Mines.
 35784 | D:13     | Found a sparkling altar of Nemelex Xobeh.
 35894 | D:13     | Noticed Erolcha
 35904 | D:13     | Killed Erolcha
 36489 | D:14     | Found a gate to the Vaults.
 36603 | D:14     | Reached skill level 5 in Charms
 37068 | D:15     | Entered Level 15 of the Dungeon
 37068 | D:15     | Found a blossoming altar of Fedhas.
 37438 | D:15     | Found a sacrificial altar of Ru.
 37569 | D:15     | Found Xaogiux's Magic Scroll Boutique.
 37595 | D:15     | Bought a scroll of amnesia for 63 gold pieces
 37595 | D:15     | Bought a scroll of teleportation for 54 gold pieces
 37595 | D:15     | Bought a scroll of teleportation for 54 gold pieces
 37595 | D:15     | Bought a scroll of amnesia for 63 gold pieces
 38173 | D:15     | Found a staircase to the Depths.
 38391 | Depths:1 | Entered Level 1 of the Depths
 38445 | Depths:1 | Gained mutation: You passively map a large area around you. [level up]
 38445 | Depths:1 | Reached XP level 18. HP: 138/165 MP: 29/29
 39205 | Spider:5 | Entered Level 5 of the Spider Nest
 40112 | D:5      | Bought the ring of the Mage {Wiz MR++ Int+3} for 568 gold pieces
 40560 | Spider:5 | Reached skill level 1 in Crossbows
 40864 | Spider:4 | Reached skill level 5 in Crossbows
 41168 | Spider:5 | Noticed Arachne
 41222 | Spider:5 | Killed Arachne
 41428 | Spider:5 | Noticed Jorgrun
 41444 | Spider:5 | Killed Jorgrun
 41790 | Spider:5 | Your ally Arachne died
 42112 | Spider:5 | Got a gossamer rune of Zot
 42307 | Spider:5 | Reached skill level 10 in Crossbows
 42782 | Shoals:3 | Killed Polyphemus
 43274 | Shoals:4 | Noticed Kirke
 43306 | Shoals:4 | Killed Kirke
 43370 | Shoals:4 | Killed Ilsuiw
 43881 | Shoals:5 | Entered Level 5 of the Shoals
 44332 | Shoals:5 | Reached skill level 15 in Armour
 44525 | Shoals:5 | Reached XP level 19. HP: 160/172 MP: 15/29
 44598 | Shoals:5 | Got a polished quarterstaff
 44599 | Shoals:5 | Identified the cursed +2 quarterstaff of Blemul {freeze, Int+2 Dex-4 SInv} (You found it on level 5 of the Shoals)
 44752 | Shoals:5 | Got a barnacled rune of Zot
 45468 | Vaults:1 | Entered Level 1 of the Vaults
 45480 | Vaults:1 | Found Ejaaj's Antique Weapon Shoppe.
 45825 | Vaults:1 | Bought a runed demon whip for 660 gold pieces
 46083 | Vaults:1 | Found Matafree's Antique Armour Boutique.
 46091 | Vaults:1 | Bought a glowing helmet for 162 gold pieces
 46449 | Vaults:1 | Found Shraog Yfelis' Antique Armour Emporium.
 46457 | Vaults:1 | Found Guifrurphi's Food Boutique.
 46696 | Vaults:1 | Reached skill level 17 in Armour
 47061 | Vaults:1 | Noticed Aizul
 47117 | Vaults:1 | Reached skill level 18 in Armour
 47146 | Vaults:1 | Killed Aizul
 47257 | Vaults:1 | Found Qaedam's Jewellery Boutique.
 47260 | Vaults:1 | Bought the ring of Bausyzxis {SustAb rPois rN+} for 394 gold pieces
 48190 | Vaults:1 | Reached skill level 19 in Armour
 48200 | Vaults:1 | Got a crystal short sword
 48201 | Vaults:1 | Identified the +1 short sword of Kusosm {vamp, Noisy Int+4} (You found it on level 1 of the Vaults)
 48847 | Vaults:2 | Reached skill level 5 in Spellcasting
 48940 | Vaults:2 | Found Mnuoff's Antique Weapon Shoppe.
 49022 | Vaults:2 | Reached XP level 20. HP: 181/181 MP: 29/30
 49923 | Vaults:2 | Found a staircase to the Crypt.
 49942 | Vaults:2 | Reached skill level 10 in Charms
 50157 | Vaults:3 | Noticed Norris
 50183 | Vaults:3 | Killed Norris
 50239 | Vaults:3 | Noticed Xtahua
 50652 | Vaults:3 | Noticed Mennas
 51327 | Vaults:3 | Killed Mennas
 51559 | Vaults:3 | Noticed Margery
 51559 | Vaults:3 | Noticed Frederick
 51572 | Vaults:3 | Killed Margery
 51586 | Vaults:3 | Killed Frederick
 51960 | Vaults:3 | Got a shimmering flail
 51985 | Vaults:3 | Learned a level 4 spell: Control Teleport
 51988 | Vaults:3 | Learned a level 2 spell: Repel Missiles
 52133 | Vaults:3 | Killed Xtahua
 52476 | Vaults:4 | Reached XP level 21. HP: 188/188 MP: 36/36
 52993 | Vaults:4 | Reached skill level 10 in Spellcasting
 53209 | Vaults:4 | Identified the +6 flail "Zaweh" {crush, +Blink} (You found it on level 3 of the Vaults)
 54504 | Depths:1 | Noticed Sojobo
 54578 | Depths:1 | Killed Sojobo
 54631 | Depths:1 | Reached skill level 20 in Armour
 54676 | Depths:1 | Found a one-way gate to the infinite horrors of the Abyss.
 54783 | Depths:1 | Your ally Sojobo died
 54959 | Depths:1 | Found a one-way gate leading to the halls of Pandemonium.
 54981 | Depths:1 | Found a gateway to Hell.
 55206 | Depths:1 | Noticed a lich
 55221 | Depths:1 | Killed a lich
 55652 | Depths:2 | Got a vibrating ruby amulet
 55709 | Depths:2 | Identified the amulet "Doss" {Stasis +Inv rN+ Int-3 Stlth+} (You took it off a fire giant on level 2 of the Depths)
 55733 | Depths:2 | Identified Spellweaving, Part One
 56026 | Depths:2 | Reached skill level 21 in Armour
 56695 | Depths:3 | Reached XP level 22. HP: 177/200 MP: 37/37
 57001 | Depths:3 | Reached skill level 1 in Translocations
 57407 | Depths:4 | Noticed a caustic shrike
 57417 | Depths:4 | Noticed a caustic shrike
 57419 | Depths:4 | Noticed a caustic shrike
 57908 | Slime:1  | Entered Level 1 of the Pits of Slime
 57932 | Slime:1  | Reached skill level 5 in Translocations
 57967 | Slime:1  | Gained mutation: You are clumsy. (Dex -2) [a shining eye]
 57968 | Slime:1  | Gained mutation: Armour fits poorly on your strangely shaped body. [a shining eye]
 57972 | Slime:1  | Gained mutation: Your muscles are strong. (Str +2) [a shining eye]
 59068 | Slime:1  | Lost mutation: You are clumsy. (Dex -2) [potion of cure mutation]
 59068 | Slime:1  | Lost mutation: Armour fits poorly on your strangely shaped body. [potion of cure mutation]
 59068 | Slime:1  | Lost mutation: Your muscles are strong. (Str +2) [potion of cure mutation]
 59548 | Slime:3  | Reached skill level 10 in Translocations
 60263 | Slime:6  | Entered Level 6 of the Pits of Slime
 61409 | Slime:5  | Learned a level 7 spell: Controlled Blink
 61705 | Slime:5  | Reached XP level 23. HP: 208/208 MP: 26/38
 62165 | Slime:6  | Found a viscous altar of Jiyva.
 62208 | Slime:6  | Noticed the royal jelly
 62872 | Elf:1    | Entered Level 1 of the Elven Halls
 63819 | Elf:1    | Identified the Handbook of Creative Conjuration
 64487 | Elf:2    | Found a runed gate.
 64487 | Elf:2    | Found a runed gate.
 64487 | Elf:2    | Found a runed gate.
 65619 | Elf:3    | Entered Level 3 of the Elven Halls
 65797 | Elf:3    | Reached skill level 15 in Translocations
 65808 | Elf:3    | Learned a level 3 spell: Spectral Weapon
 67131 | Elf:3    | Got a pair of brightly glowing gloves
 67142 | Elf:3    | Identified the -6 pair of gloves of Plutel {Contam rElec rN+ Dex+5 Slay-6} (You acquired it on level 3 of the Elven Halls)
 67321 | Elf:3    | Got a faintly glowing platinum ring
 67331 | Elf:3    | Got a crude brass ring
 67801 | Lair:2   | Identified the cursed ring "Efuar" {Str+6 Int-2} (You took it off a deep elf demonologist on level 3 of the Elven Halls)
 67803 | Lair:2   | Identified the ring "Otexe" {rPois rC+} (You took it off a deep elf death mage on level 3 of the Elven Halls)
 68170 | Elf:3    | Identified the Compendium of Ensnaring Protection (You found it on level 3 of the Elven Halls)
 68189 | Elf:3    | Got a scorched lead amulet
 68191 | Elf:3    | Identified the Handbook of Stones
 68195 | Elf:3    | Got a steaming bronze ring
 68197 | Elf:3    | Got a shimmering tin ring
 68508 | Elf:3    | Got an encrusted greatsling
 68509 | Elf:3    | Identified the +11 greatsling of Xom {flame, Str+2 Int+4} (You found it on level 3 of the Elven Halls)
 68514 | Elf:3    | Got a polished ring mail
 68522 | Elf:3    | Identified the amulet "Domaw" {Gourm rC+ Dex+2} (You found it on level 3 of the Elven Halls)
 68531 | Elf:3    | Got a polished dagger
 68532 | Elf:3    | Identified the +9 dagger "Pnaze" {pierce, -Cast rPois rN+ Str+4} (You found it on level 3 of the Elven Halls)
 68544 | Elf:3    | Got a crude quarterstaff
 68546 | Elf:3    | Got an ancient great sword
 68583 | Elf:3    | Identified the -1 ring mail "Tre Fiysch" {SInv} (You found it on level 3 of the Elven Halls)
 68586 | Elf:3    | Identified the ring of a Thousand Stars {+Fly rN+ Dex+2} (You found it on level 3 of the Elven Halls)
 68588 | Elf:3    | Identified the ring "Vering" {rPois Dex+7} (You found it on level 3 of the Elven Halls)
 68605 | Elf:3    | Identified the +9 quarterstaff of Shriboqyi {holy, rPois Int-4 Dex+3} (You found it on level 3 of the Elven Halls)
 68632 | Elf:3    | Got a jewelled war axe
 68633 | Elf:3    | Identified the +9 war axe of Freehold {elec, rElec MP+9 Dex+4} (You took it off a deep elf annihilator on level 3 of the Elven Halls)
 68649 | Elf:3    | Identified the +1 great sword of Untruth {slice, +Fly Int+2 Dex+5} (You found it on level 3 of the Elven Halls)
 68653 | Elf:3    | Got a polished trident
 68654 | Elf:3    | Identified the +7 trident "Befoaxeo" {holy, rC+ MR+} (You found it on level 3 of the Elven Halls)
 69030 | Lair:2   | Got a crude helmet
 69041 | Lair:2   | Identified the -2 helmet of Beajeq {rF- MP-9 Str+8} (You acquired it on level 2 of the Lair of Beasts)
 69276 | Crypt:1  | Entered Level 1 of the Crypt
 69541 | Crypt:1  | Reached XP level 24. HP: 216/216 MP: 40/40
 71510 | Crypt:3  | Entered Level 3 of the Crypt
 72341 | Crypt:3  | Noticed an ancient lich
 72358 | Crypt:3  | Killed an ancient lich
 72484 | Crypt:3  | Found a staircase to the Tomb.
 72515 | Crypt:3  | Noticed an ancient lich
 72592 | Crypt:3  | Noticed an ancient lich
 72616 | Crypt:3  | Killed an ancient lich
 72622 | Crypt:3  | Identified the Volume of Companions
 72666 | Crypt:3  | Gained mutation: You can translocate small distances at will. [mutagenic glow]
 72783 | Crypt:3  | Identified Borgnjor's Handbook of Sinister Secrets (You found it on level 3 of the Crypt)
 72969 | Crypt:3  | Reached skill level 22 in Armour
 73056 | Crypt:3  | Got a brightly glowing falchion
 73429 | Crypt:3  | Killed an ancient lich
 74111 | Vaults:5 | Entered Level 5 of the Vaults
 74143 | Vaults:4 | Reached XP level 25. HP: 223/223 MP: 41/41
 74888 | Vaults:5 | Found Otimm's Weapon Shoppe.
 74963 | Vaults:5 | Noticed an ancient lich
 74978 | Vaults:5 | Killed an ancient lich
 75119 | Vaults:5 | Identified the +8 falchion "Bamythrug" {slice, +Inv MP+9 Int+4} (You found it on level 3 of the Crypt)
 75233 | Vaults:5 | Reached skill level 15 in Fighting
 75303 | Vaults:5 | Reached skill level 23 in Armour
 75850 | Vaults:5 | Got a silver rune of Zot
 76023 | Vaults:5 | Identified the Incunabulum of Ignition and Necromancy
 76036 | Vaults:5 | Identified the Catalogue of Ignition and Confrontation (You found it on level 5 of the Vaults)
 76448 | Lair:2   | Learned a level 5 spell: Phase Shift
 76454 | Lair:2   | Learned a level 5 spell: Dispel Undead
 76459 | Lair:2   | Learned a level 3 spell: Flight
 77037 | Vaults:5 | Learned a level 2 spell: Swiftness
 77143 | Vaults:4 | Got a steaming shield
 77154 | Vaults:4 | Identified the +2 shield of Fun {rF+} (You acquired it on level 4 of the Vaults)
 77649 | Depths:4 | Noticed a caustic shrike
 77660 | Depths:4 | Noticed a caustic shrike
 77661 | Depths:4 | Noticed a caustic shrike
 77672 | Depths:4 | Noticed a caustic shrike
 77990 | Depths:4 | Noticed a caustic shrike
 77996 | Depths:4 | Killed a caustic shrike
 77996 | Depths:4 | Reached XP level 26. HP: 236/236 MP: 41/41
 78009 | Depths:4 | Killed a caustic shrike
 78028 | Depths:4 | Killed a caustic shrike
 78202 | Depths:4 | Found a portal to a secret trove of treasure.
 78248 | Depths:4 | Reached skill level 10 in Evocations
 78431 | Depths:4 | Killed a caustic shrike
 78432 | Depths:4 | Noticed a caustic shrike
 78438 | Depths:4 | Noticed a caustic shrike
 78440 | Depths:4 | Noticed a caustic shrike
 78442 | Depths:4 | Noticed a caustic shrike
 78443 | Depths:4 | Noticed a caustic shrike
 78461 | Depths:4 | Killed a caustic shrike
 78511 | Depths:3 | Killed a caustic shrike
 78528 | Depths:3 | Killed a caustic shrike
 78573 | Depths:3 | Killed a caustic shrike
 78589 | Depths:3 | Killed a caustic shrike
 78624 | Depths:3 | Killed a caustic shrike
 78658 | Depths:3 | Killed a caustic shrike
 78711 | Depths:3 | Killed a caustic shrike
 78775 | Depths:4 | Killed a caustic shrike
 79272 | Depths:4 | Found Blit's Weapon Emporium.
 79410 | Depths:4 | Reached skill level 24 in Armour
 79768 | Depths:5 | Entered Level 5 of the Depths
 79776 | Depths:5 | Gained mutation: Armour fits poorly on your strangely shaped body. [a cacodemon]
 80082 | Depths:5 | Noticed Saint Roka
 80142 | Depths:5 | Killed Saint Roka
 80209 | Depths:5 | Found a gate to the Realm of Zot.
 80235 | Depths:5 | Gained mutation: You are partially covered in icy blue scales (AC +1). [mutagenic glow]
 80395 | Depths:5 | Reached XP level 27. HP: 249/249 MP: 38/42
 80646 | Depths:5 | Found a gateway to a ziggurat.
 81103 | Zot:1    | Entered Level 1 of the Realm of Zot
 81591 | Zot:1    | Got a bound marble ring
 81607 | Zot:1    | Identified the ring "Axkoad" {Int+3 SInv Stlth+} (You found it on level 1 of the Realm of Zot)
 82250 | Zot:2    | Reached skill level 15 in Evocations
 83761 | Zot:3    | Reached skill level 25 in Armour
 84702 | Zot:4    | Noticed an orb of fire
 84735 | Zot:4    | Killed an orb of fire
 85819 | Lair:2   | Lost mutation: Armour fits poorly on your strangely shaped body. [potion of cure mutation]
 85819 | Lair:2   | Lost mutation: You are partially covered in icy blue scales (AC +1). [potion of cure mutation]
 85819 | Lair:2   | Lost mutation: You can translocate small distances at will. [potion of cure mutation]
 86137 | Depths:1 | Voluntarily entered the Abyss.
 86494 | Abyss:1  | Paralysed by you for 5 turns
 87324 | Abyss:2  | Found a corrupted altar of Lugonu.
 88404 | Abyss:3  | Found a corrupted altar of Lugonu.
 88550 | Abyss:3  | Found a corrupted altar of Lugonu.
 88745 | Abyss:3  | Paralysed by accursed screaming for 1 turns
 90202 | Abyss:3  | Got an amethyst-studded storm dragon armour
 90221 | Abyss:3  | Identified the cursed -3 storm dragon armour of Unreason {rElec rPois rF+ Str+4} (You found it on level 3 of the Abyss)
 90301 | Abyss:3  | Paralysed by accursed screaming for 1 turns
 90961 | Abyss:3  | Paralysed by accursed screaming for 1 turns
 90966 | Abyss:3  | Reached skill level 26 in Armour
 90968 | Abyss:3  | Paralysed by accursed screaming for 2 turns
 91003 | Abyss:3  | Got a translucent ring mail
 91507 | Abyss:3  | Got an abyssal rune of Zot
 91907 | Depths:1 | Escaped the Abyss
 92269 | Lair:2   | Identified the +7 ring mail of Makhleb's Scorn {Str+3 Int-2 Dex+2 Slay+3} (You found it on level 3 of the Abyss)
 92784 | Slime:6  | Killed the royal jelly
 92875 | Slime:6  | Got a crude granite ring
 92877 | Slime:6  | Got a slimy rune of Zot
 92891 | Slime:6  | Got a transparent hunting sling
 92894 | Slime:6  | Got a transparent great sword
 92973 | Slime:6  | Identified the cursed -1 great sword of Veonaxush {freeze, +Rage rC+ Int+3} (You found it on level 6 of the Pits of Slime)
 92975 | Slime:6  | Identified the cursed +2 hunting sling "Woipnur" {venom, Int+4} (You found it on level 6 of the Pits of Slime)
 93007 | Slime:6  | Identified Sif Muna's Collected Works on Attacks
 93056 | Slime:6  | Identified Qoco Goju's Grimoire of Confrontation and Summoning (You found it on level 6 of the Pits of Slime)
 93070 | Slime:6  | Identified the ring "Khic" {MR+ MP+9 Str-2 Int+7 Stlth+} (You found it on level 6 of the Pits of Slime)
 93542 | Pan      | Entered Pandemonium
 93546 | Pan      | Found a runed door.
 93550 | Pan      | Found a runed door.
 93562 | Pan      | Found a runed door.
 93900 | Pan      | Found a runed door.
 94063 | Depths:1 | Escaped Pandemonium
 94701 | Depths:1 | Voluntarily entered the Abyss.
 94838 | Abyss:1  | Noticed an ancient lich
 94860 | Abyss:1  | Killed an ancient lich
 94880 | Abyss:1  | Noticed an ancient lich
 94909 | Abyss:1  | Killed an ancient lich
 95054 | Abyss:1  | Paralysed by accursed screaming for 1 turns
 95074 | Abyss:1  | Paralysed by accursed screaming for 1 turns
 95480 | Abyss:1  | Found a snail-covered altar of Cheibriados.
 95480 | Abyss:1  | Noticed an ancient lich
 95499 | Abyss:1  | Killed an ancient lich
 95666 | Abyss:1  | Found a corrupted altar of Lugonu.
 96084 | Abyss:1  | Found a radiant altar of Vehumet.
 96818 | Abyss:1  | Noticed an ancient lich
 96829 | Abyss:1  | Killed an ancient lich
 98203 | Abyss:1  | Paralysed by accursed screaming for 2 turns
 98491 | Abyss:1  | Paralysed by you for 2 turns
 98512 | Abyss:1  | Found a corrupted altar of Lugonu.
 98638 | Abyss:1  | Reached skill level 27 in Armour
 99034 | Abyss:1  | Noticed an ancient lich
 99041 | Abyss:1  | Killed an ancient lich
100505 | Abyss:1  | Found a sacrificial altar of Ru.
100830 | Abyss:1  | Noticed an ancient lich
100849 | Abyss:1  | Killed an ancient lich
100849 | Abyss:1  | Reached skill level 15 in Spellcasting
101280 | Abyss:2  | Found a corrupted altar of Lugonu.
101564 | Abyss:3  | Found a corrupted altar of Lugonu.
101613 | Abyss:3  | Got a pitted bone amulet
101634 | Abyss:3  | Identified the amulet of Tuxkuam {rCorr Int+8 Dex-5 SInv} (You found it on level 3 of the Abyss)
101701 | Abyss:3  | Identified the Compendium of the Compass and Changing
101760 | Abyss:3  | Found a corrupted altar of Lugonu.
102143 | Abyss:5  | Entered Level 5 of the Abyss
102682 | Abyss:5  | Got a steaming arbalest
103055 | Abyss:5  | Identified the cursed +2 arbalest "Pendulum" {elec, rElec rF+ Dex+2} (You found it on level 5 of the Abyss)
103438 | Abyss:5  | Got a warped flail
103439 | Abyss:5  | Identified the +4 flail of the Hills {antimagic, -Tele rElec Int+4} (You found it on level 5 of the Abyss)
104086 | Abyss:5  | Gained mutation: You possess an exceptional clarity of mind. [a neqoxec]
104510 | Abyss:5  | Noticed an ancient lich
105206 | Abyss:5  | Found a corrupted altar of Lugonu.
105289 | Abyss:5  | Found a corrupted altar of Lugonu.
105354 | Abyss:5  | Found a corrupted altar of Lugonu.
105393 | Abyss:5  | Gained mutation: You evolve. [a neqoxec]
105702 | Abyss:5  | Paralysed by accursed screaming for 1 turns
105873 | Abyss:5  | Paralysed by you for 2 turns
106026 | Abyss:5  | Gained mutation: Your mind is acute. (Int +2) [a neqoxec]
106263 | Abyss:5  | Paralysed by accursed screaming for 1 turns
106268 | Abyss:5  | Paralysed by accursed screaming for 2 turns
106283 | Abyss:5  | Paralysed by accursed screaming for 2 turns
106311 | Abyss:5  | Paralysed by accursed screaming for 2 turns
106316 | Abyss:5  | Found a corrupted altar of Lugonu.
106508 | Abyss:5  | Paralysed by accursed screaming for 1 turns
106574 | Abyss:5  | Paralysed by accursed screaming for 1 turns
106689 | Abyss:5  | Paralysed by accursed screaming for 2 turns
106697 | Abyss:5  | Paralysed by accursed screaming for 2 turns
107083 | Abyss:5  | Gained mutation: You have an increased reservoir of magic (+10% MP). [mutagenic glow]
108209 | Abyss:5  | Paralysed by you for 4 turns
109027 | Abyss:5  | Noticed an ancient lich
109785 | Abyss:5  | Paralysed by accursed screaming for 2 turns
109870 | Abyss:5  | Found a burning altar of Makhleb.
110241 | Depths:1 | Escaped the Abyss
110250 | Depths:1 | Voluntarily entered the Abyss.
110445 | Abyss:1  | Paralysed by accursed screaming for 1 turns
110705 | Abyss:3  | Found a corrupted altar of Lugonu.
110826 | Abyss:4  | Found a corrupted altar of Lugonu.
110912 | Abyss:4  | Paralysed by accursed screaming for 1 turns
111552 | Depths:1 | Escaped the Abyss
111861 | Lair:2   | Learned a level 2 spell: Blink
112176 | Depths:1 | Voluntarily entered the Abyss.
112216 | Abyss:1  | Noticed an ancient lich
112224 | Abyss:1  | Killed an ancient lich
112306 | Abyss:1  | Found a corrupted altar of Lugonu.
112427 | Abyss:1  | Noticed an ancient lich
112450 | Abyss:1  | Killed an ancient lich
113117 | Abyss:2  | Paralysed by accursed screaming for 1 turns
113347 | Depths:1 | Escaped the Abyss
113964 | Depths:1 | Voluntarily entered the Abyss.
113968 | Abyss:1  | Reached skill level 1 in Long Blades
114250 | Abyss:1  | Reached skill level 5 in Long Blades
114375 | Abyss:1  | Paralysed by accursed screaming for 1 turns
115010 | Abyss:1  | Identified Schutel's Reference Book on Companions
115550 | Abyss:1  | Reached skill level 10 in Long Blades
115683 | Abyss:1  | Identified the Tome of Unholy Rites
116815 | Abyss:3  | Paralysed by accursed screaming for 1 turns
117099 | Abyss:3  | Found a corrupted altar of Lugonu.
117557 | Abyss:3  | Noticed an ancient lich
117575 | Abyss:3  | Killed an ancient lich
117586 | Abyss:3  | Found a corrupted altar of Lugonu.
117591 | Abyss:3  | Got a steaming robe
117594 | Abyss:3  | Identified the +2 robe "Diroifaqiy" {+Fly} (You took it off an iron imp on level 3 of the Abyss)
117807 | Abyss:3  | Found a corrupted altar of Lugonu.
117898 | Abyss:3  | Found a corrupted altar of Lugonu.
119616 | Abyss:3  | Found a corrupted altar of Lugonu.
119743 | Abyss:3  | Found a corrupted altar of Lugonu.
119862 | Abyss:3  | Found a corrupted altar of Lugonu.
120044 | Abyss:3  | Found a corrupted altar of Lugonu.
120233 | Abyss:3  | Paralysed by accursed screaming for 1 turns
120434 | Abyss:3  | Reached skill level 27 in Spellcasting
120439 | Depths:1 | Escaped the Abyss
121383 | Pan      | Entered the realm of Gloorx Vloq.
121383 | Pan      | Entered Pandemonium
121461 | Pan      | Found an exit through the horrors of the Abyss.
121923 | Pan      | Noticed Gloorx Vloq
121956 | Pan      | Killed Gloorx Vloq
122004 | Pan      | Got a dark rune of Zot
122311 | Pan      | Noticed Qel Sial the pandemonium lord
122355 | Pan      | Killed Qel Sial the pandemonium lord
122447 | Pan      | Found an exit through the horrors of the Abyss.
122815 | Pan      | Found an exit through the horrors of the Abyss.
123000 | Pan      | Got a steaming chain mail
123076 | Pan      | Noticed Neziogo the pandemonium lord
123120 | Pan      | Killed Neziogo the pandemonium lord
123660 | Pan      | Identified the +7 chain mail of the Barracuda {Contam +Blink Str-5 Dex+3 SInv} (You found it in Pandemonium)
123710 | Pan      | Found an exit through the horrors of the Abyss.
124116 | Pan      | Noticed Phaong the pandemonium lord
124141 | Pan      | Killed Phaong the pandemonium lord
124170 | Pan      | Got a demonic rune of Zot
124280 | Pan      | Got a transparent cloak
124291 | Pan      | Identified the -5 cloak of the Duke {Contam rElec rN+ SInv} (You acquired it in Pandemonium)
124844 | Pan      | Found a white marble altar of Elyvilon.
124954 | Pan      | Found an exit through the horrors of the Abyss.
124973 | Pan      | Noticed Veobb the pandemonium lord
124997 | Pan      | Killed Veobb the pandemonium lord
125606 | Pan      | Gained mutation: Space occasionally distorts in your vicinity. [a cacodemon]
125743 | Pan      | Found an exit through the horrors of the Abyss.
125954 | Pan      | Found a runed door.
126111 | Pan      | Noticed Catema the pandemonium lord
126123 | Pan      | Killed Catema the pandemonium lord
126128 | Pan      | Found a gateway to a ziggurat.
126137 | Zig:1    | Entered Level 1 of a ziggurat
126175 | Zig:1    | Learned a level 9 spell: Tornado
126181 | Zig:2    | Entered Level 2 of a ziggurat
126191 | Zig:2    | Lost mutation: You possess an exceptional clarity of mind. [potion of cure mutation]
126191 | Zig:2    | Lost mutation: Your mind is acute. (Int +2) [potion of cure mutation]
126191 | Zig:2    | Lost mutation: You evolve. [potion of cure mutation]
126191 | Zig:2    | Lost mutation: Space occasionally distorts in your vicinity. [potion of cure mutation]
126845 | Pan      | Found an exit through the horrors of the Abyss.
126934 | Pan      | Noticed Ywiofux the pandemonium lord
126950 | Pan      | Killed Ywiofux the pandemonium lord
127289 | Pan      | Noticed Giagh the pandemonium lord
127700 | Pan      | Found an exit through the horrors of the Abyss.
128186 | Depths:1 | Escaped Pandemonium
128808 | Pan      | Entered Pandemonium
129181 | Pan      | Noticed Clepsaung the pandemonium lord
129191 | Pan      | Killed Clepsaung the pandemonium lord
129297 | Pan      | Found an exit through the horrors of the Abyss.
129617 | Pan      | Noticed Juadituamif the pandemonium lord
129853 | Pan      | Noticed Pniddoum the pandemonium lord
129875 | Pan      | Killed Pniddoum the pandemonium lord
130151 | Pan      | Found an exit through the horrors of the Abyss.
130409 | Pan      | Reached skill level 27 in Fighting
130560 | Pan      | Found an exit through the horrors of the Abyss.
131395 | Pan      | Found an exit through the horrors of the Abyss.
131472 | Pan      | Noticed Inumunkei the pandemonium lord
131489 | Pan      | Killed Inumunkei the pandemonium lord
131703 | Pan      | Got a sparkling golden amulet
131709 | Pan      | Identified the amulet of Mistrust {Clar Int+7} (You took it off a putrid demonspawn in Pandemonium)
131848 | Pan      | Found a gateway to a ziggurat.
132120 | Zig:1    | Entered Level 1 of a ziggurat
132147 | Zig:1    | Got a faintly humming large shield
132158 | Zig:1    | Identified the +3 large shield of Autumn {rF- Int+4 Stlth+} (You acquired it on level 1 of a ziggurat)
132177 | Zig:2    | Entered Level 2 of a ziggurat
132205 | Zig:3    | Entered Level 3 of a ziggurat
132246 | Zig:4    | Entered Level 4 of a ziggurat
132324 | Zig:5    | Entered Level 5 of a ziggurat
132379 | Zig:5    | Got a bloodstained leather armour
132380 | Zig:5    | Identified the +2 leather armour "Unnumeapt" {MR+ MP+9 Int+6 Slay+3} (You found it on level 5 of a ziggurat)
132383 | Zig:6    | Entered Level 6 of a ziggurat
132430 | Zig:6    | Reached skill level 27 in Dodging
132496 | Zig:7    | Entered Level 7 of a ziggurat
132531 | Zig:7    | Gained mutation: Scrolls take you a little longer to read. [mutagenic glow]
132605 | Zig:7    | Got a wavering lapis lazuli ring
132609 | Zig:7    | Identified the ring "Gheisor" {rN+ SInv} (You found it on level 7 of a ziggurat)
132625 | Zig:8    | Entered Level 8 of a ziggurat
132648 | Zig:8    | Paralysed by accursed screaming for 2 turns
132672 | Zig:8    | Paralysed by accursed screaming for 2 turns
132683 | Zig:8    | Paralysed by accursed screaming for 2 turns
132692 | Zig:8    | Paralysed by accursed screaming for 2 turns
132705 | Zig:8    | Paralysed by accursed screaming for 1 turns
132770 | Zig:8    | Got an ichor-stained chain mail
132773 | Zig:8    | Identified the +4 chain mail "Tyff" {rF+ MR+ Str+3} (You found it on level 8 of a ziggurat)
132781 | Zig:9    | Entered Level 9 of a ziggurat
132895 | Zig:9    | Reached skill level 10 in Necromancy
132941 | Zig:10   | Entered Level 10 of a ziggurat
133093 | Zig:11   | Entered Level 11 of a ziggurat
133320 | Zig:12   | Entered Level 12 of a ziggurat
133495 | Zig:12   | Reached skill level 15 in Necromancy
133503 | Zig:13   | Entered Level 13 of a ziggurat
133740 | Zig:14   | Entered Level 14 of a ziggurat
133941 | Zig:14   | Got a wavering turquoise ring
133944 | Zig:14   | Identified the ring of Nishiaki {Wiz rElec rPois rN+ MR- Dex-5} (You found it on level 14 of a ziggurat)
133981 | Zig:14   | Got a warped dagger
133984 | Zig:14   | Identified the +9 dagger of Animal Spirits {pierce, MP+9 Stlth+} (You found it on level 14 of a ziggurat)
133995 | Zig:15   | Entered Level 15 of a ziggurat
134065 | Zig:15   | Noticed Gockanim the pandemonium lord
134077 | Zig:15   | Killed Gockanim the pandemonium lord
134322 | Pan      | Noticed Rum Has the pandemonium lord
134400 | Pan      | Killed Rum Has the pandemonium lord
134574 | Pan      | Found an exit through the horrors of the Abyss.
135056 | Pan      | Got a polished helmet
135059 | Pan      | Identified the +0 helmet of Fortification {Int+7} (You found it in Pandemonium)
135332 | Pan      | Noticed Stomudy the pandemonium lord
135343 | Pan      | Killed Stomudy the pandemonium lord
135408 | Pan      | Found an exit through the horrors of the Abyss.
135662 | Pan      | Reached skill level 1 in Air Magic
136310 | Pan      | Reached skill level 5 in Air Magic
136691 | Pan      | Noticed Heic the pandemonium lord
136713 | Pan      | Killed Heic the pandemonium lord
137201 | Pan      | Found an exit through the horrors of the Abyss.
137458 | Pan      | Noticed Natex the pandemonium lord
137505 | Pan      | Killed Natex the pandemonium lord
137658 | Pan      | Found an exit through the horrors of the Abyss.
138300 | Pan      | Found an exit through the horrors of the Abyss.
138441 | Pan      | Found a gateway to a ziggurat.
138676 | Pan      | Noticed Buwuer the pandemonium lord
138694 | Pan      | Killed Buwuer the pandemonium lord
138927 | Pan      | Reached skill level 10 in Air Magic
138937 | Zig:1    | Entered Level 1 of a ziggurat
138962 | Zig:2    | Entered Level 2 of a ziggurat
138996 | Zig:3    | Entered Level 3 of a ziggurat
139058 | Zig:4    | Entered Level 4 of a ziggurat
139099 | Zig:4    | Got a polished leather armour
139102 | Zig:4    | Identified the +1 leather armour "Vappin" {rN+ Dex+5} (You found it on level 4 of a ziggurat)
139106 | Zig:5    | Entered Level 5 of a ziggurat
139166 | Zig:5    | Got a crude leather armour
139177 | Zig:5    | Identified the +0 leather armour of Paranoia {rElec} (You found it on level 5 of a ziggurat)
139204 | Zig:6    | Entered Level 6 of a ziggurat
139299 | Zig:6    | Identified the Collected Works on Confrontation
139324 | Zig:7    | Entered Level 7 of a ziggurat
139419 | Zig:7    | Got a vibrating steel amulet
139422 | Zig:7    | Identified the amulet "Treyrch" {Spirit +Inv rElec rC+ Int-5 Stlth+} (You found it on level 7 of a ziggurat)
139435 | Zig:8    | Entered Level 8 of a ziggurat
139440 | Zig:8    | Noticed Byuhuytur the pandemonium lord
139459 | Zig:8    | Killed Byuhuytur the pandemonium lord
139502 | Zig:8    | Gained mutation: You tend to lose your temper in combat. [mutagenic glow]
139547 | Zig:8    | Identified the Collected Works on Dusty Transmigration
139560 | Zig:8    | Gained mutation: You are dopey. (Int -2) [mutagenic glow]
139564 | Zig:9    | Entered Level 9 of a ziggurat
139568 | Zig:9    | Noticed Buuhilidgh the pandemonium lord
139580 | Zig:9    | Noticed Zynt the pandemonium lord
139586 | Zig:9    | Killed Buuhilidgh the pandemonium lord
139599 | Zig:9    | Killed Zynt the pandemonium lord
139613 | Zig:9    | Cast into the Abyss (chaos spawn)
139613 | Abyss:1  | Found a corrupted altar of Lugonu.
139646 | Abyss:1  | Noticed an ancient lich
139742 | Abyss:1  | Paralysed by accursed screaming for 1 turns
139773 | Abyss:1  | Paralysed by accursed screaming for 1 turns
139779 | Abyss:1  | Paralysed by accursed screaming for 1 turns
139799 | Zig:9    | Escaped the Abyss
139878 | Zig:9    | Identified the Guide on the Blistering Entourage (You found it on level 9 of a ziggurat)
139882 | Zig:9    | Got a twitching copper amulet
139885 | Zig:9    | Identified the amulet "Adyrig" {Ward rN+ Slay+2} (You found it on level 9 of a ziggurat)
139894 | Zig:10   | Entered Level 10 of a ziggurat
140003 | Zig:10   | Lost mutation: Scrolls take you a little longer to read. [potion of cure mutation]
140003 | Zig:10   | Lost mutation: You are dopey. (Int -2) [potion of cure mutation]
140003 | Zig:10   | Lost mutation: You tend to lose your temper in combat. [potion of cure mutation]
140010 | Zig:10   | Got a translucent tin ring
140011 | Zig:10   | Identified the ring "Peecy" {rC+ MP+9} (You found it on level 10 of a ziggurat)
140106 | Pan      | Took an exit into the Abyss.
140106 | Abyss:1  | Escaped into the Abyss
140106 | Abyss:1  | Found a corrupted altar of Lugonu.
140140 | Depths:1 | Escaped the Abyss
140490 | Lair:2   | Learned a level 6 spell: Deflect Missiles
141289 | Depths:4 | You paid a toll of a +3 storm dragon armour to enter a treasure trove
141290 | Trove    | Entered a treasure trove
141321 | Trove    | Got a slimy plate armour
141322 | Trove    | Identified the +5 plate armour "Kheos" {MR+ Str-2 Dex+2} (You found it in a treasure trove)
141326 | Trove    | Got a dazzling rapier
141327 | Trove    | Identified the +9 rapier "Psafas" {pierce, rC- rN+ Str-2 Int+3} (You found it in a treasure trove)
141330 | Trove    | Got a translucent buckler
141331 | Trove    | Identified the cursed -4 buckler "Uphoemos" {rC+} (You found it in a treasure trove)
141462 | Pan      | Entered Pandemonium
141718 | Pan      | Found an exit through the horrors of the Abyss.
141935 | Pan      | Noticed Ghagh the pandemonium lord
141939 | Pan      | Gained mutation: Scrolls take you a little longer to read. [a neqoxec]
142078 | Pan      | Killed Ghagh the pandemonium lord
142133 | Pan      | Reached skill level 15 in Air Magic
142320 | Pan      | Entered the realm of Cerebov.
142400 | Pan      | Identified Iwkajuit's Almanac of Hexes (You acquired it in Pandemonium)
142714 | Pan      | Found an exit through the horrors of the Abyss.
143069 | Pan      | Noticed Cerebov
143235 | Pan      | Got a scorched iron amulet
143382 | Pan      | Identified the Papyrus of Flight and Confrontation
143398 | Pan      | Identified Iroeb's Handbook of the Compass and Shape Shifting
143400 | Pan      | Got a dazzling longbow
143441 | Pan      | Identified Ireil's Tome of Assistive Transmigration
143447 | Pan      | Learned a level 1 spell: Apportation
143452 | Pan      | Identified the +3 longbow "Iffaot" {freeze, rC- Int+4 Dex+7} (You found it in Pandemonium)
143453 | Pan      | Got a faintly glowing shortbow
143456 | Pan      | Identified the +6 shortbow of Oozing Pus {flame, rC+ Str+4 Int+2} (You found it in Pandemonium)
143529 | Pan      | Got a fiery rune of Zot
143547 | Pan      | Noticed Cerebov
143658 | Pan      | Found an exit through the horrors of the Abyss.
143748 | Pan      | Gained mutation: Your body is slowly deteriorating. [a cacodemon]
143973 | Pan      | Noticed Clawnu the pandemonium lord
143984 | Pan      | Entered the realm of Lom Lobon.
143992 | Pan      | Lost mutation: Your body is slowly deteriorating. [potion of cure mutation]
143992 | Pan      | Lost mutation: Scrolls take you a little longer to read. [potion of cure mutation]
143992 | Pan      | Lost mutation: You have an increased reservoir of magic (+10% MP). [potion of cure mutation]
143996 | Pan      | Found an exit through the horrors of the Abyss.
144869 | Pan      | Noticed Lom Lobon
144926 | Pan      | Killed Lom Lobon
144943 | Pan      | Got a magical rune of Zot
145158 | Pan      | Took an exit into the Abyss.
145158 | Abyss:1  | Escaped into the Abyss
145158 | Abyss:1  | Found a corrupted altar of Lugonu.
145213 | Depths:3 | Escaped the Abyss
145572 | Lair:2   | Learned a level 1 spell: Summon Butterflies
145849 | Pan      | Entered the realm of Mnoleg.
145849 | Pan      | Entered Pandemonium
145971 | Pan      | Found an exit through the horrors of the Abyss.
146535 | Pan      | Noticed Mnoleg
146541 | Pan      | Gained mutation: You are frail (-10% HP). [a cacodemon]
146586 | Pan      | Killed Mnoleg
146587 | Pan      | Lost mutation: You are frail (-10% HP). [potion of cure mutation]
146607 | Pan      | Got a glowing rune of Zot
147258 | Pan      | Found an exit through the horrors of the Abyss.
148319 | Pan      | Noticed Brukle the pandemonium lord
148338 | Pan      | Killed Brukle the pandemonium lord
148397 | Pan      | Found an exit through the horrors of the Abyss.
149397 | Pan      | Found an exit through the horrors of the Abyss.
149460 | Pan      | Noticed Mutoutt the pandemonium lord
149494 | Pan      | Paralysed by a giant eyeball for 4 turns
149505 | Pan      | Killed Mutoutt the pandemonium lord
149550 | Pan      | Got a heavily runed turquoise ring
149825 | Pan      | Identified the amulet of Creub {Stasis +Fly Slay+3 Stlth-} (You took it off a red devil in Pandemonium)
149828 | Pan      | Identified the ring "Cefryw" {rF+ rC+ rN+ MR+ SInv} (You took it off a chaos champion in Pandemonium)
151061 | Pan      | Noticed Froaxugu the pandemonium lord
151070 | Pan      | Killed Froaxugu the pandemonium lord
151338 | Pan      | Found an exit through the horrors of the Abyss.
151536 | Pan      | Found an exit through the horrors of the Abyss.
152266 | Pan      | Noticed Olusch the pandemonium lord
152285 | Pan      | Paralysed by a giant eyeball for 2 turns
152296 | Pan      | Killed Olusch the pandemonium lord
152715 | Pan      | Noticed Cefyiry the pandemonium lord
152732 | Pan      | Killed Cefyiry the pandemonium lord
152901 | Pan      | Gained mutation: You are dopey. (Int -2) [a neqoxec]
152911 | Pan      | Found an exit through the horrors of the Abyss.
152945 | Pan      | Noticed Cerebov
152999 | Pan      | Killed Cerebov
153664 | Pan      | Found an exit through the horrors of the Abyss.
154871 | Pan      | Got a twitching amber ring
155277 | Pan      | Found an exit through the horrors of the Abyss.
155489 | Pan      | Identified the Compendium of Attacks and Stolen Souls
155899 | Pan      | Noticed Rydaog the pandemonium lord
155907 | Pan      | Killed Rydaog the pandemonium lord
156157 | Pan      | Identified the ring "Loluk" {MP+9 Dex+3} (You found it in Pandemonium)
156312 | Pan      | Found an exit through the horrors of the Abyss.
156358 | Pan      | Learned a level 8 spell: Necromutation
156411 | Pan      | Reached skill level 1 in Transmutations
156871 | Pan      | Noticed Nimysumo the pandemonium lord
156871 | Pan      | Gained mutation: Armour fits poorly on your strangely shaped body. [a cacodemon]
156890 | Pan      | Killed Nimysumo the pandemonium lord
157287 | Pan      | Reached skill level 5 in Transmutations
157530 | Pan      | Found an exit through the horrors of the Abyss.
157903 | Pan      | Noticed Crumm the pandemonium lord
157917 | Pan      | Killed Crumm the pandemonium lord
158123 | Pan      | Found an exit through the horrors of the Abyss.
158550 | Pan      | Noticed Erivoasuida the pandemonium lord
158576 | Pan      | Killed Erivoasuida the pandemonium lord
158595 | Pan      | Found an exit through the horrors of the Abyss.
158620 | Pan      | Reached skill level 10 in Transmutations
158717 | Pan      | Lost mutation: You are dopey. (Int -2) [potion of cure mutation]
158717 | Pan      | Lost mutation: Armour fits poorly on your strangely shaped body. [potion of cure mutation]
158753 | Pan      | Got a pair of twisted gloves
158754 | Pan      | Identified the +0 pair of gloves of Resilience {MR+ Dex+3} (You acquired it in Pandemonium)
158769 | Pan      | Got a warped scale mail
158770 | Pan      | Identified the +4 scale mail of Xoedwuxo {-Tele rN+ Str+5 Slay-3 SInv} (You found it in Pandemonium)
159034 | Pan      | Noticed Zestryec the pandemonium lord
159079 | Pan      | Killed Zestryec the pandemonium lord
159493 | Pan      | Found an exit through the horrors of the Abyss.
160205 | Pan      | Found an exit through the horrors of the Abyss.
160357 | Pan      | Noticed Niepoikk the pandemonium lord
160405 | Pan      | Killed Niepoikk the pandemonium lord
160914 | Pan      | Noticed Amniz the pandemonium lord
160932 | Pan      | Killed Amniz the pandemonium lord
161034 | Pan      | Found an exit through the horrors of the Abyss.
161594 | Pan      | Took an exit into the Abyss.
161594 | Abyss:1  | Escaped into the Abyss
161608 | Abyss:1  | Found a corrupted altar of Lugonu.
161861 | Abyss:1  | Found a corrupted altar of Lugonu.
161868 | Depths:1 | Escaped the Abyss
162215 | Lair:2   | Gained mutation: You have an increased reservoir of magic (+10% MP). [potion of beneficial mutation]
162216 | Lair:2   | Gained mutation: You are surrounded by a mild repulsion field (EV +2). [potion of beneficial mutation]
162217 | Lair:2   | Gained mutation: You can spit poison. [potion of beneficial mutation]
162218 | Lair:2   | Gained mutation: You are resistant to hostile enchantments. [potion of beneficial mutation]
162787 | Tomb:1   | Entered Level 1 of the Tomb of the Ancients
163545 | Tomb:2   | Noticed an ancient lich
163557 | Tomb:2   | Killed an ancient lich
164180 | Tomb:3   | Entered Level 3 of the Tomb of the Ancients
164207 | Tomb:3   | Noticed abixa's ghost (legendary HuHu)
164236 | Tomb:3   | Killed abixa's ghost
164572 | Tomb:3   | Got a golden rune of Zot
164648 | Tomb:3   | Got a faintly glowing platinum ring
164696 | Tomb:3   | Identified the ring "Waluc" {rF+ MR+ Str+3} (You found it on level 3 of the Tomb of the Ancients)
164700 | Tomb:3   | Got a brightly glowing morningstar
164701 | Tomb:3   | Identified the +7 morningstar of Dishonour {crush, -Cast +Fly rF+ Str-2 Int+4} (You found it on level 3 of the Tomb of the Ancients)
164711 | Tomb:3   | Got a bloodstained robe
164722 | Tomb:3   | Identified the +1 robe "Dat Piry" {Stlth+} (You found it on level 3 of the Tomb of the Ancients)
164735 | Tomb:3   | Got a transparent hand axe
164736 | Tomb:3   | Identified the +7 hand axe of the Dungeon {freeze, rElec rF+ MR-} (You found it on level 3 of the Tomb of the Ancients)
166316 | Hell     | Entered the Vestibule of Hell
166316 | Hell     | Noticed Geryon
166347 | Hell     | Killed Geryon
166394 | Hell     | Found a gateway to the freezing wastes of Cocytus.
166490 | Hell     | Found a gateway to the Iron City of Dis.
166549 | Hell     | Found a gateway to the ashen valley of Gehenna.
166655 | Hell     | Found a gateway to the decaying netherworld of Tartarus.
166903 | Coc:1    | Entered Level 1 of Cocytus
167334 | Coc:2    | Reached skill level 27 in Air Magic
168054 | Coc:7    | Entered Level 7 of Cocytus
168896 | Coc:7    | Noticed Antaeus
168933 | Coc:7    | Got an icy rune of Zot
169011 | Dis:1    | Entered Level 1 of the Iron City of Dis
169363 | Dis:5    | Reached skill level 15 in Transmutations
169524 | Dis:7    | Entered Level 7 of the Iron City of Dis
169841 | Dis:7    | Noticed Dispater
170092 | Dis:7    | Killed Dispater
170137 | Dis:7    | Got an iron rune of Zot
170142 | Dis:7    | Got a jasper-encrusted chain mail
170209 | Tar:1    | Entered Level 1 of Tartarus
170698 | Tar:7    | Entered Level 7 of Tartarus
170714 | Tar:7    | Reached skill level 27 in Evocations
171748 | Tar:7    | Got a heavily jewelled robe
171749 | Tar:7    | Identified the +2 robe of Qausuzup {Int+2} (You found it on level 7 of Tartarus)
171816 | Tar:7    | Noticed Ereshkigal
171941 | Tar:7    | Got a bone rune of Zot
172060 | Geh:1    | Entered Level 1 of Gehenna
173057 | Geh:6    | Reached skill level 27 in Necromancy
173074 | Geh:7    | Entered Level 7 of Gehenna
173241 | Geh:7    | Noticed the Serpent of Hell
173292 | Geh:7    | Killed the Serpent of Hell
173356 | Geh:7    | Identified the Almanac of Enchantment and Ice (You found it on level 7 of Gehenna)
173624 | Geh:7    | Noticed Asmodeus
173636 | Geh:7    | Got an obsidian rune of Zot
173640 | Geh:7    | HP: 1/286 [Brimstone Fiend/blast of hellfire (37)]
174647 | Zig:1    | Entered Level 1 of a ziggurat
174674 | Zig:2    | Entered Level 2 of a ziggurat
174691 | Zig:3    | Entered Level 3 of a ziggurat
174721 | Zig:4    | Entered Level 4 of a ziggurat
174769 | Zig:4    | Got a scorched golden ring
174770 | Zig:4    | Identified the ring of Soppid {SustAb rPois MR+ Str-2 Int+3 Stlth+} (You found it on level 4 of a ziggurat)
174781 | Zig:5    | Entered Level 5 of a ziggurat
174814 | Zig:6    | Entered Level 6 of a ziggurat
174881 | Zig:7    | Entered Level 7 of a ziggurat
174918 | Zig:7    | Identified Waoqoat's Tome of Burning Conjuration
174923 | Zig:7    | Got a glittering granite ring
174924 | Zig:7    | Identified the ring "Wociepn" {rPois Str+4} (You found it on level 7 of a ziggurat)
174929 | Zig:7    | Got a brightly glowing mace
174930 | Zig:7    | Identified the +9 mace of Destruction {antimagic, rPois rF+ rN+ Dex-2 Stlth+} (You found it on level 7 of a ziggurat)
174935 | Zig:8    | Entered Level 8 of a ziggurat
174961 | Zig:8    | Got a slimy long sword
174962 | Zig:8    | Identified the +2 long sword of Nif Wank {flame, rElec} (You found it on level 8 of a ziggurat)
174986 | Zig:9    | Entered Level 9 of a ziggurat
175019 | Zig:9    | Got a translucent triple sword
175020 | Zig:9    | Identified the +10 triple sword of Anger {holy, Str+5 Int+2} (You found it on level 9 of a ziggurat)
175034 | Zig:10   | Entered Level 10 of a ziggurat
175044 | Zig:10   | Noticed an ancient lich
175045 | Zig:10   | Noticed an ancient lich
175087 | Zig:10   | Killed an ancient lich
175134 | Zig:10   | Killed an ancient lich
175185 | Zig:10   | Identified Judgheodd's Volume of Transmutation
175197 | Zig:11   | Entered Level 11 of a ziggurat
175249 | Zig:11   | Got a pitted tin amulet
175250 | Zig:11   | Identified the amulet of Lool {Clar Str-2 Int+3 Dex+5} (You found it on level 11 of a ziggurat)
175266 | Zig:12   | Entered Level 12 of a ziggurat
175322 | Zig:12   | Identified Wuenosmo's Collected Works on Shape Shifting and Snow (You found it on level 12 of a ziggurat)
175330 | Zig:12   | Got a translucent fire dragon armour
175341 | Zig:12   | Identified the -4 fire dragon armour of Sunlight {rElec rF++ rC-} (You found it on level 12 of a ziggurat)
175355 | Zig:13   | Entered Level 13 of a ziggurat
175387 | Zig:13   | Identified Sif Muna's Almanac of Creation
175392 | Zig:13   | Identified the Handbook of the Snowflakes and Attacks
175402 | Zig:14   | Entered Level 14 of a ziggurat
175464 | Zig:14   | Got a scorched mace
175466 | Zig:14   | Identified the cursed +3 mace of the Candle {crush, Contam rElec rPois rF- rN+} (You found it on level 14 of a ziggurat)
175473 | Zig:14   | Got an ichor-stained helmet
175474 | Zig:14   | Identified the +2 helmet of Broken Taboos {Regen+} (You found it on level 14 of a ziggurat)
175485 | Zig:15   | Entered Level 15 of a ziggurat
175785 | Zig:15   | Identified a +5 rod of inaccuracy (9/9) (You found it on level 12 of a ziggurat)
175811 | Zig:15   | Identified a +7 rod of destruction (13/13) (You found it on level 15 of a ziggurat)
175823 | Zig:15   | Identified the Volume of Attacks and the Frostbite
175827 | Zig:15   | Identified Sif Muna's Disquisition on Dislocated Hexes
175834 | Zig:15   | Learned a level 5 spell: Metabolic Englaciation
175837 | Zig:15   | Got a clouded glass ring
175838 | Zig:15   | Identified the ring of Shynehun {Int+3 Slay+2} (You found it on level 15 of a ziggurat)
175846 | Zig:15   | Got a slimy ring mail
175847 | Zig:15   | Identified the +0 ring mail of Udenkopt {+Blink Str-3 Dex+7} (You found it on level 15 of a ziggurat)
175852 | Zig:16   | Entered Level 16 of a ziggurat
175934 | Zig:17   | Entered Level 17 of a ziggurat
176137 | Zig:18   | Entered Level 18 of a ziggurat
176150 | Zig:18   | Noticed Klout the pandemonium lord
176150 | Zig:18   | Noticed Celoesh the pandemonium lord
176150 | Zig:18   | Noticed Ofyridinn the pandemonium lord
176151 | Zig:18   | Noticed Liukk the pandemonium lord
176152 | Zig:18   | Noticed Budunoxi the pandemonium lord
176154 | Zig:18   | Noticed Acladiq the pandemonium lord
176154 | Zig:18   | Noticed Thrang the pandemonium lord
176169 | Zig:18   | Killed Ofyridinn the pandemonium lord
176172 | Zig:18   | Killed Celoesh the pandemonium lord
176173 | Zig:18   | Killed Acladiq the pandemonium lord
176183 | Zig:18   | Killed Liukk the pandemonium lord
176186 | Zig:18   | Killed Thrang the pandemonium lord
176201 | Zig:18   | Killed Budunoxi the pandemonium lord
176201 | Zig:18   | Killed Klout the pandemonium lord
176220 | Zig:18   | Reached skill level 27 in Shields
176228 | Zig:18   | Reached skill level 5 in Conjurations
176230 | Zig:18   | Got an iridescent battleaxe
176232 | Zig:18   | Got a smoking robe
176233 | Zig:18   | Identified the +8 battleaxe of the Fifty Curses {speed, rPois rC+ MP+9 Str+3} (You found it on level 18 of a ziggurat)
176234 | Zig:18   | Identified the +2 robe "Fioff" {rElec Str-5 Int-5 Dex+6} (You found it on level 18 of a ziggurat)
176245 | Zig:18   | Got a scorched dire flail
176246 | Zig:18   | Identified the cursed +3 dire flail "Crijig" {flame, Int+2} (You found it on level 18 of a ziggurat)
176254 | Zig:18   | Reached skill level 5 in Axes
176404 | Zig:19   | Entered Level 19 of a ziggurat
176458 | Zig:19   | Got a sparkling wooden ring
176460 | Zig:19   | Identified the ring "Threnlok" {MP+9 Stlth+} (You found it on level 19 of a ziggurat)
176467 | Zig:19   | Gained mutation: You can breathe flames. [potion of beneficial mutation]
176471 | Zig:19   | Got a distressingly furry chain mail
176472 | Zig:19   | Identified the +7 chain mail "Tadownebb" {rPois MR+ rCorr Int-4 SInv} (You found it on level 19 of a ziggurat)
176497 | Zig:20   | Entered Level 20 of a ziggurat
176512 | Zig:20   | Noticed an ancient lich
176513 | Zig:20   | Noticed an ancient lich
176514 | Zig:20   | Noticed an ancient lich
176516 | Zig:20   | Noticed an ancient lich
176521 | Zig:20   | Reached skill level 10 in Axes
176522 | Zig:20   | Killed an ancient lich
176523 | Zig:20   | Killed an ancient lich
176532 | Zig:20   | Killed an ancient lich
176532 | Zig:20   | Killed an ancient lich
176549 | Zig:20   | Reached skill level 15 in Axes
176558 | Zig:20   | Got a warped glass ring
176560 | Zig:20   | Identified the ring "Vator" {+Inv rPois Int-2 Dex+6} (You found it on level 20 of a ziggurat)
176567 | Zig:20   | Got a crude dire flail
176577 | Zig:20   | Got a pitted ring mail
176578 | Zig:20   | Identified the +6 ring mail "Ifuh" {rF+} (You found it on level 20 of a ziggurat)
176580 | Zig:20   | Identified the +6 dire flail of Epurog {venom, +Blink rC- rN+} (You found it on level 20 of a ziggurat)
176593 | Zig:20   | Learned a level 6 spell: Iron Shot
176596 | Zig:20   | Got a topaz-encrusted leather armour
176597 | Zig:20   | Identified the +1 leather armour of the Lost Nights {rPois rF- SInv} (You found it on level 20 of a ziggurat)
176617 | Zig:21   | Entered Level 21 of a ziggurat
176634 | Zig:21   | Noticed an ancient lich
176639 | Zig:21   | Noticed an ancient lich
176645 | Zig:21   | Killed an ancient lich
176648 | Zig:21   | Killed an ancient lich
176720 | Zig:21   | Identified the Volume of Mutagenic Conjuration (You found it on level 21 of a ziggurat)
176726 | Zig:21   | Gained mutation: You are partially covered in iridescent scales (AC +4). [potion of beneficial mutation]
176728 | Zig:21   | Got a crude brass ring
176729 | Zig:21   | Identified the ring "Lubreb" {+Fly rF+} (You found it on level 21 of a ziggurat)
176786 | Zig:22   | Entered Level 22 of a ziggurat
176806 | Zig:22   | Noticed Straopni the pandemonium lord
176822 | Zig:22   | Killed Straopni the pandemonium lord
176822 | Zig:22   | Reached skill level 10 in Conjurations
176865 | Zig:22   | Learned a level 8 spell: Chain Lightning
176880 | Zig:22   | Got a faintly glowing long sword
176881 | Zig:22   | Identified the +7 long sword "Nerehi Ruokk" {flame, Str+5 Int-2} (You found it on level 22 of a ziggurat)
176916 | Zig:23   | Entered Level 23 of a ziggurat
177031 | Zig:23   | Got a sparkling tin ring
177032 | Zig:23   | Identified the ring "Lumoh" {Wiz rElec rPois Str+2 Dex-2 SInv} (You found it on level 23 of a ziggurat)
177045 | Zig:23   | Got a coiled turquoise ring
177046 | Zig:23   | Identified the ring "Liodghaa" {rElec rC- EV+1 Dex+3 Stlth+} (You found it on level 23 of a ziggurat)
177055 | Zig:23   | Got an opalescent robe
177056 | Zig:23   | Identified the +2 robe of Tyisukec {+Blink rCorr Int+5} (You found it on level 23 of a ziggurat)
177088 | Zig:24   | Entered Level 24 of a ziggurat
177178 | Zig:24   | Got a warped golden ring
177179 | Zig:24   | Identified the ring "Puqabb" {rF- rN+ MP+9 Str+5 Int-2} (You found it on level 24 of a ziggurat)
177194 | Zig:24   | Learned a level 8 spell: Lehudib's Crystal Spear
177203 | Zig:24   | Got an ichor-stained ring mail
177204 | Zig:24   | Identified the +3 ring mail of the Sea {rElec} (You found it on level 24 of a ziggurat)
177273 | Zig:25   | Entered Level 25 of a ziggurat
177420 | Zig:25   | Got a sparkling bone amulet
177421 | Zig:25   | Identified the amulet "Preut" {Stasis rElec rN+ Str+2 Stlth-} (You found it on level 25 of a ziggurat)
177428 | Zig:25   | Identified the Grimoire of Ashen Confrontation (You found it on level 25 of a ziggurat)
177436 | Zig:25   | Identified a +9 rod of the swarm (9/9) (You found it on level 25 of a ziggurat)
177438 | Zig:25   | Got an ichor-stained plate armour
177470 | Zig:25   | Identified the cursed -3 plate armour of Xefaas {rElec rN+} (You found it on level 25 of a ziggurat)
177493 | Zig:25   | Got a slimy plate armour
177504 | Zig:25   | Identified the +10 plate armour of Satisfaction {rC- Str+4} (You found it on level 25 of a ziggurat)
177537 | Zig:25   | Got a warped halberd
177552 | Zig:26   | Entered Level 26 of a ziggurat
177575 | Zig:26   | Reached skill level 15 in Conjurations
177649 | Zig:26   | Got a slimy flail
177650 | Zig:26   | Identified the +6 flail of Due Proportion {crush, Noisy Str+2 Dex+5} (You found it on level 26 of a ziggurat)
177730 | Zig:27   | Entered Level 27 of a ziggurat
177830 | Zig:27   | Learned a level 2 spell: Stoneskin
177835 | Zig:27   | Got a brightly glowing bronze ring
177837 | Zig:27   | Identified the ring of Lyumaij {-Tele rN+ Int+2 Stlth-} (You found it on level 27 of a ziggurat)
177848 | Zig:27   | Identified the Papyrus of Stones
178303 | Lair:2   | Identified a +0 rod of inaccuracy (13/13) (You found it on level 1 of the Elven Halls)
179256 | Pan      | Entered Pandemonium
179271 | Pan      | Found an exit through the horrors of the Abyss.
180647 | Pan      | Found an exit through the horrors of the Abyss.
181245 | Pan      | Found an exit through the horrors of the Abyss.
181873 | Pan      | Found a gateway to a ziggurat.
182058 | Pan      | Got an encrusted trident
182059 | Pan      | Identified the +2 trident "Sarcophage" {antimagic, rElec rC- Str+3 Int+8 Dex+2} (You found it in Pandemonium)
182126 | Zig:1    | Entered Level 1 of a ziggurat
182143 | Zig:2    | Entered Level 2 of a ziggurat
182186 | Zig:3    | Entered Level 3 of a ziggurat
182219 | Zig:4    | Entered Level 4 of a ziggurat
182277 | Zig:5    | Entered Level 5 of a ziggurat
182300 | Zig:5    | Got a pitted mace
182301 | Zig:5    | Identified the +10 mace of Earthquakes {crush, rPois rF+ Int-5} (You found it on level 5 of a ziggurat)
182332 | Zig:6    | Entered Level 6 of a ziggurat
182369 | Zig:7    | Entered Level 7 of a ziggurat
182374 | Zig:7    | Noticed Owkuc the pandemonium lord
182374 | Zig:7    | Noticed Gaituj the pandemonium lord
182396 | Zig:7    | Killed Owkuc the pandemonium lord
182403 | Zig:7    | Killed Gaituj the pandemonium lord
182587 | Zig:8    | Entered Level 8 of a ziggurat
182593 | Zig:8    | Paralysed by you for 7 turns
182765 | Zig:9    | Entered Level 9 of a ziggurat
182817 | Zig:9    | Identified a +8 rod of shadows (10/10) (You found it on level 6 of a ziggurat)
182822 | Zig:9    | Got a shimmering jade amulet
182823 | Zig:9    | Identified the amulet "Stapiala" {Clar MP+9 Str-4 Int-3 Dex+6} (You acquired it on level 9 of a ziggurat)
183003 | Zig:10   | Entered Level 10 of a ziggurat
183136 | Zig:11   | Entered Level 11 of a ziggurat
183240 | Zig:11   | Gained mutation: You are partially covered in large bone plates (AC +2, SH +2). [potion of beneficial mutation]
183427 | Zig:12   | Entered Level 12 of a ziggurat
183545 | Zig:13   | Entered Level 13 of a ziggurat
183621 | Zig:13   | Got a scorched pewter ring
183622 | Zig:13   | Identified the ring of Smeodoes {rN+ MP+9 Str+5 Dex+4} (You found it on level 13 of a ziggurat)
183662 | Zig:14   | Entered Level 14 of a ziggurat
183680 | Zig:14   | Reached skill level 10 in Earth Magic
183732 | Zig:14   | Got an encrusted falchion
183733 | Zig:14   | Identified the +5 falchion of an ossuary {slice, rN+ Int-5 Dex+9} (You found it on level 14 of a ziggurat)
183739 | Zig:15   | Entered Level 15 of a ziggurat
183749 | Zig:15   | Noticed an ancient lich
183751 | Zig:15   | Noticed an ancient lich
183809 | Zig:15   | Noticed an ancient lich
183828 | Zig:15   | Killed an ancient lich
183838 | Zig:15   | Killed an ancient lich
183839 | Zig:15   | Killed an ancient lich
183864 | Zig:15   | Noticed an ancient lich
183865 | Zig:15   | Reached skill level 27 in Axes
183885 | Zig:15   | Killed an ancient lich
183924 | Zig:15   | Got a flickering golden ring
183925 | Zig:15   | Identified the ring of Qunan {rF- rC++ MR+ Int+2} (You found it on level 15 of a ziggurat)
183931 | Zig:15   | Got a shimmering granite ring
183932 | Zig:15   | Identified the ring "Jineluf" {+cTele rN++} (You found it on level 15 of a ziggurat)
183941 | Zig:15   | Got an ancient great mace
183942 | Zig:15   | Identified the +6 great mace of Arbitration {crush, MP-9 Str+3 Int+2 SInv} (You found it on level 15 of a ziggurat)
183949 | Zig:15   | Got a slimy storm dragon armour
183960 | Zig:15   | Identified the +6 storm dragon armour "Oxtumid" {rElec Str+5} (You found it on level 15 of a ziggurat)
184133 | Zig:16   | Entered Level 16 of a ziggurat
184148 | Zig:16   | Reached skill level 15 in Earth Magic
184212 | Zig:16   | Got a bound silver ring
184213 | Zig:16   | Identified the ring "Febroim" {rPois Dex+4} (You found it on level 16 of a ziggurat)
184227 | Zig:16   | Got an ancient ivory ring
184228 | Zig:16   | Identified the ring of Voosme Dive {rPois Dex+4 Stlth+} (You found it on level 16 of a ziggurat)
184359 | Zig:17   | Entered Level 17 of a ziggurat
184496 | Zig:17   | Identified The Last Almanac of the Deep Elf Lorekeeper
184506 | Zig:17   | Got a glittering lapis lazuli ring
184508 | Zig:17   | Identified the ring "Smitiq" {+/*Tele rElec rN+ Dex+2 Stlth-} (You found it on level 17 of a ziggurat)
184556 | Zig:18   | Entered Level 18 of a ziggurat
184595 | Zig:18   | Paralysed by accursed screaming for 2 turns
184696 | Zig:18   | Identified the Guide on Boosting Confrontation (You found it on level 18 of a ziggurat)
184760 | Zig:19   | Entered Level 19 of a ziggurat
184833 | Zig:19   | Got a shimmering iron ring
184834 | Zig:19   | Identified the ring "Tohiotoy" {rN+ MR+} (You found it on level 19 of a ziggurat)
184844 | Zig:19   | Got a shimmering buckler
184856 | Zig:19   | Identified the +4 buckler of Trog's Displeasure {rPois Slay+6} (You found it on level 19 of a ziggurat)
184883 | Zig:19   | Identified Xewelix's Compendium of Confrontation and Feathers (You found it on level 19 of a ziggurat)
184890 | Zig:19   | Identified a +4 rod of inaccuracy (12/12) (You found it on level 19 of a ziggurat)
184938 | Zig:20   | Entered Level 20 of a ziggurat
184953 | Zig:20   | Noticed an ancient lich
184959 | Zig:20   | Noticed an ancient lich
184968 | Zig:20   | Killed an ancient lich
184982 | Zig:20   | Killed an ancient lich
184997 | Zig:20   | Got a brightly glowing demon whip
184998 | Zig:20   | Identified the +0 demon whip "Guogoo" {drain, rC+ MP+9} (You found it on level 20 of a ziggurat)
185008 | Zig:20   | Got a flickering brass ring
185009 | Zig:20   | Identified the ring "Reomet" {Wiz rElec Stlth+} (You found it on level 20 of a ziggurat)
185027 | Zig:20   | Identified a +4 rod of destruction (11/11) (You found it on level 20 of a ziggurat)
185034 | Zig:20   | Got a dull robe
185172 | Zig:21   | Entered Level 21 of a ziggurat
185190 | Zig:21   | Reached skill level 15 in Long Blades
185318 | Zig:21   | Identified the Handbook of Evil and Enhancements
185352 | Zig:22   | Entered Level 22 of a ziggurat
185380 | Zig:22   | Noticed Roraoc the pandemonium lord
185399 | Zig:22   | Killed Roraoc the pandemonium lord
185429 | Zig:22   | Got an ichor-stained cloak
185440 | Zig:22   | Identified the cursed -5 cloak of Royalty {Int+9} (You found it on level 22 of a ziggurat)
185452 | Zig:22   | Got a scintillating silver ring
185453 | Zig:22   | Identified the ring "Trentu" {+/*Tele +Blink rPois MR- Str+3} (You found it on level 22 of a ziggurat)
185480 | Zig:22   | Identified a +5 rod of ignition (11/11) (You found it on level 22 of a ziggurat)
185490 | Zig:22   | Got a crude mace
185491 | Zig:22   | Identified the +3 mace of the Pillar {antimagic, rN+} (You found it on level 22 of a ziggurat)
185649 | Zig:23   | Entered Level 23 of a ziggurat
185736 | Zig:23   | Identified the Volume of Heat and Battle Magic (You found it on level 23 of a ziggurat)
185742 | Zig:23   | Identified the Collected Works on Freezing Bewitchment (You found it on level 23 of a ziggurat)
185770 | Zig:24   | Entered Level 24 of a ziggurat
185860 | Zig:24   | Got a translucent large shield
185871 | Zig:24   | Identified the +2 large shield of Polytheism {rF+ rC++ Dex-2} (You acquired it on level 24 of a ziggurat)
185893 | Zig:24   | Identified the Incunabulum of Curses
185896 | Zig:24   | Got a brightly glowing brass amulet
185897 | Zig:24   | Identified the amulet of Doubts {+Rage rPois Str+4 Int-2 Dex+3} (You found it on level 24 of a ziggurat)
185972 | Zig:25   | Entered Level 25 of a ziggurat
185994 | Zig:25   | Reached skill level 27 in Conjurations
186068 | Zig:25   | Got a steaming shield
186079 | Zig:25   | Identified the +4 shield "Lilaca" {Dex-5 SInv Stlth+} (You found it on level 25 of a ziggurat)
186095 | Zig:25   | Got a coiled wooden ring
186096 | Zig:25   | Identified the ring "Emur" {MR+ Int+3} (You found it on level 25 of a ziggurat)
186099 | Zig:25   | Got a warped steel ring
186100 | Zig:25   | Identified the ring of Geifya {Fire Str+3 Dex-2 SInv} (You found it on level 25 of a ziggurat)
186106 | Zig:25   | Identified a cursed +4 rod of the swarm (12/12) (You found it on level 25 of a ziggurat)
186112 | Zig:25   | Got an ancient war axe
186113 | Zig:25   | Identified the +8 war axe "Tyishoh" {freeze, rC++ Str+3} (You found it on level 25 of a ziggurat)
186145 | Zig:26   | Entered Level 26 of a ziggurat
186207 | Zig:26   | Reached skill level 27 in Earth Magic
186231 | Zig:26   | Reached skill level 5 in Stealth
186362 | Zig:26   | Got a vibrating tin ring
186363 | Zig:26   | Identified the ring of the Harvest {rElec rPois MR- AC+2 Int+4 SInv} (You found it on level 26 of a ziggurat)
186378 | Zig:26   | Got a translucent ivory ring
186379 | Zig:26   | Identified the ring of the Thirteen Souls {Fire +Inv MR- SInv} (You found it on level 26 of a ziggurat)
186420 | Zig:27   | Entered Level 27 of a ziggurat
186437 | Zig:27   | Reached skill level 10 in Stealth
186456 | Zig:27   | Reached skill level 15 in Stealth
186491 | Zig:27   | Got a wavering lead ring
186492 | Zig:27   | Identified the ring of Qazlal's Envy {+/*Tele rC- Str+2 Int+4} (You found it on level 27 of a ziggurat)
186497 | Zig:27   | Got a pair of polished gloves
186508 | Zig:27   | Identified the cursed -5 pair of gloves of Epraix {+Inv} (You found it on level 27 of a ziggurat)
186532 | Zig:27   | Got a flickering ivory ring
186533 | Zig:27   | Identified the ring "Stuaj" {MP+9 Dex+6 Stlth+} (You found it on level 27 of a ziggurat)
186540 | Zig:27   | Got a steaming ruby amulet
186542 | Zig:27   | Identified the amulet of Shrupsuwn {Faith Int+3} (You found it on level 27 of a ziggurat)
186566 | Pan      | Upgraded the game from 0.16.1-11-g651b585 to 0.16.1-12-gf5c4a84
186777 | Pan      | Got a crystal battleaxe
186778 | Pan      | Identified the +4 battleaxe of Dried Tears {chop, Noisy MR+ Int-4 Dex+5 Stlth+} (You found it in Pandemonium)
186994 | Pan      | Noticed Josor the pandemonium lord
187005 | Pan      | Killed Josor the pandemonium lord
187455 | Pan      | Found an exit through the horrors of the Abyss.
187923 | Depths:1 | Escaped Pandemonium
188221 | Lair:2   | Learned a level 3 spell: Ozocubu's Armour
188239 | Lair:2   | Learned a level 8 spell: Death's Door
188628 | Depths:4 | Bought a +1 broad axe of chopping for 156 gold pieces
188879 | D:14     | Learned a level 9 spell: Fire Storm
189039 | Pan      | Entered Pandemonium
189044 | Pan      | Reached skill level 1 in Fire Magic
189150 | Pan      | Found an exit through the horrors of the Abyss.
189183 | Pan      | Reached skill level 5 in Fire Magic
189695 | Pan      | Noticed Anuntiar the pandemonium lord
189724 | Pan      | Killed Anuntiar the pandemonium lord
190064 | Pan      | Found a gateway to a ziggurat.
190098 | Zig:1    | Entered Level 1 of a ziggurat
190137 | Zig:2    | Entered Level 2 of a ziggurat
190179 | Zig:3    | Entered Level 3 of a ziggurat
190219 | Zig:4    | Entered Level 4 of a ziggurat
190223 | Zig:4    | Reached skill level 10 in Fire Magic
190266 | Zig:5    | Entered Level 5 of a ziggurat
190407 | Zig:6    | Entered Level 6 of a ziggurat
190445 | Zig:6    | Got a pair of warped boots
190446 | Zig:6    | Identified the cursed -3 pair of boots of the Forest {Stlth+} (You found it on level 6 of a ziggurat)
190471 | Zig:6    | Got a twisted trident
190472 | Zig:6    | Identified the +1 trident of the Six Orbs {flame, rPois MP-9 Stlth+} (You found it on level 6 of a ziggurat)
190567 | Zig:7    | Entered Level 7 of a ziggurat
190578 | Zig:7    | Reached skill level 15 in Fire Magic
190600 | Zig:7    | Got a warped lead ring
190736 | Zig:8    | Entered Level 8 of a ziggurat
190737 | Zig:8    | Reached skill level 1 in Staves
190746 | Zig:8    | Reached skill level 5 in Staves
190779 | Zig:8    | Identified Trazaeno's Handbook of Augmentations and Evil Secrets
190795 | Zig:8    | Got a smoking short sword
190796 | Zig:8    | Identified the cursed +1 short sword of Fragile Peace {freeze, rElec} (You found it on level 8 of a ziggurat)
190798 | Zig:8    | Identified the ring of Dilevaza {rPois rC+ Stlth+} (You found it on level 7 of a ziggurat)
191001 | Zig:9    | Entered Level 9 of a ziggurat
191013 | Zig:9    | Reached skill level 10 in Staves
191022 | Zig:9    | Paralysed by accursed screaming for 1 turns
191067 | Zig:9    | Got a twisted falchion
191078 | Zig:9    | Identified a +2 rod of ignition (11/11) (You found it on level 9 of a ziggurat)
191133 | Zig:10   | Entered Level 10 of a ziggurat
191261 | Zig:11   | Entered Level 11 of a ziggurat
191273 | Zig:11   | Noticed Loeck the pandemonium lord
191297 | Zig:11   | Killed Loeck the pandemonium lord
191334 | Zig:11   | Identified the Guide on the Birds
191368 | Zig:11   | Got a slimy dagger
191369 | Zig:11   | Identified the +5 dagger "Dofiodar" {pierce, +Rage rF+ MR- Str-4 Dex+4} (You found it on level 11 of a ziggurat)
191410 | Zig:12   | Entered Level 12 of a ziggurat
191573 | Zig:13   | Entered Level 13 of a ziggurat
191637 | Zig:13   | Got a translucent silver ring
191640 | Zig:13   | Got a scorched shield
191641 | Zig:13   | Identified the +0 shield of Hus Nedo {rElec rPois rN+ Int+4 Dex-4} (You found it on level 13 of a ziggurat)
191647 | Zig:13   | Got a warped copper ring
191648 | Zig:13   | Identified the ring of Shaigise {Contam +Blink rC+ MR+ Int+3 Dex+5} (You found it on level 13 of a ziggurat)
191650 | Zig:13   | Identified the ring "Miegeotz" {+Inv Str+5} (You found it on level 13 of a ziggurat)
191655 | Zig:13   | Identified the Compendium of Glacial Arcane Weapons
191742 | Zig:14   | Entered Level 14 of a ziggurat
191756 | Zig:14   | Noticed Tryuwn the pandemonium lord
191771 | Zig:14   | Killed Tryuwn the pandemonium lord
191822 | Zig:14   | Got a crude broad axe
191823 | Zig:14   | Identified the +0 broad axe "Cakycs" {chop, MP+9} (You found it on level 14 of a ziggurat)
191826 | Zig:14   | Got a shimmering flail
191827 | Zig:14   | Identified the cursed +0 flail "Spiderslayer" {flame, rElec rF+ Int-5} (You found it on level 14 of a ziggurat)
191833 | Zig:14   | Got an ancient halberd
191839 | Zig:14   | Identified the +4 halberd of Ushreolu {chop, rElec rN+ Int-3} (You found it on level 14 of a ziggurat)
191848 | Zig:14   | Identified the Almanac of Mutagenic Evil
191852 | Zig:14   | Identified Rablad's Disquisition on Lightness
191856 | Zig:14   | Got a crystal mace
191857 | Zig:14   | Identified the +8 mace of Vudextadu {crush, rElec MP+9 Int+5 Dex-5} (You found it on level 14 of a ziggurat)
191865 | Zig:14   | Got a translucent scimitar
191866 | Zig:14   | Identified the +5 scimitar "Yczoih" {freeze, +Blink rElec rN+ MR- SInv} (You found it on level 14 of a ziggurat)
191870 | Zig:14   | Got a translucent steel ring
191872 | Zig:14   | Identified the ring of Pneof {+Fly rElec rC++ Int-4 Dex+3} (You found it on level 14 of a ziggurat)
192003 | Zig:15   | Entered Level 15 of a ziggurat
192063 | Zig:15   | Got a vibrating glass ring
192072 | Zig:15   | Identified the ring of Truth {Fire rElec MR+ Int-5 Dex+2} (You found it on level 15 of a ziggurat)
192103 | Zig:15   | Got a translucent scale mail
192114 | Zig:15   | Identified the +3 scale mail of Anaesthesia {MR+ Dex+3} (You found it on level 15 of a ziggurat)
192128 | Zig:15   | Got a jewelled spear
192129 | Zig:15   | Identified the +5 spear of Noxojeyc {freeze, rF- rN+ Dex+4 Stlth+} (You found it on level 15 of a ziggurat)
192136 | Zig:15   | Got a shimmering trident
192137 | Zig:15   | Identified the +10 trident "Dwarf's Foe" {freeze, rElec rF++ Str-2} (You found it on level 15 of a ziggurat)
192173 | Zig:16   | Entered Level 16 of a ziggurat
192182 | Zig:16   | Reached skill level 27 in Fire Magic
192245 | Zig:16   | Identified the Reference Book on the Frostbite and Evil
192302 | Zig:17   | Entered Level 17 of a ziggurat
192367 | Zig:17   | Identified the Tome of the Shifting Rocks
192372 | Zig:17   | Got a slimy shortbow
192378 | Zig:17   | Identified the +4 shortbow of Qiosm {velocity, +Fly rC+ rN+ Str-4} (You found it on level 17 of a ziggurat)
192395 | Zig:17   | Got a faintly glowing mace
192396 | Zig:17   | Identified the +4 mace of Exquisite Death {crush, +Fly Str+3 SInv} (You found it on level 17 of a ziggurat)
192461 | Zig:18   | Entered Level 18 of a ziggurat
192537 | Zig:18   | Got a brightly glowing gossamer ring
192540 | Zig:18   | Identified the ring "Frisu" {Fire Str+2} (You found it on level 18 of a ziggurat)
192546 | Zig:18   | Identified Sif Muna's Catalogue of Enchantment and Toxins
192557 | Zig:18   | Got a translucent jade amulet
192558 | Zig:18   | Identified the amulet of Roohyown {Spirit rF- rC+ MR+ Dex+4} (You found it on level 18 of a ziggurat)
192562 | Zig:18   | Got a transparent marble ring
192568 | Zig:18   | Identified the Compendium of Conjuration
192593 | Zig:18   | Learned a level 9 spell: Glaciate
192603 | Zig:18   | Identified a +4 rod of shadows (12/12) (You found it on level 18 of a ziggurat)
192630 | Zig:18   | Got a twisted morningstar
192631 | Zig:18   | Identified the +4 morningstar "Shis" {crush, rF- MP+9 Dex+3} (You found it on level 18 of a ziggurat)
192649 | Zig:19   | Entered Level 19 of a ziggurat
192657 | Zig:19   | Reached skill level 1 in Ice Magic
192665 | Zig:19   | Reached skill level 5 in Ice Magic
192681 | Zig:19   | Reached skill level 10 in Ice Magic
192740 | Zig:19   | Got a smoking short sword
192741 | Zig:19   | Identified the +5 short sword of Creuluti {pierce, rC- Str+6 Int+2 Dex+5} (You found it on level 19 of a ziggurat)
192744 | Zig:19   | Identified the ring of the Morning {+Blink rPois MR+ Str+4 Stlth-} (You found it on level 18 of a ziggurat)
192755 | Zig:19   | Got a brightly glowing spear
192756 | Zig:19   | Identified the +0 spear "Meawn" {flame, +Rage rN+ MR-} (You found it on level 19 of a ziggurat)
192786 | Zig:20   | Entered Level 20 of a ziggurat
192870 | Zig:20   | Reached skill level 15 in Ice Magic
193033 | Zig:20   | Identified Blappap's Guide on Stones and Toxins
193037 | Zig:20   | Got a bloodstained plate armour
193048 | Zig:20   | Identified the +3 plate armour of Resilience {rC+} (You found it on level 20 of a ziggurat)
193084 | Zig:20   | Got an iridescent flail
193085 | Zig:20   | Identified the +4 flail of the Trees {flame, rPois rC- MP+9} (You found it on level 20 of a ziggurat)
193213 | Zig:21   | Entered Level 21 of a ziggurat
193321 | Zig:21   | Identified Roxanne's Almanac of Transmigration and the Rocks
193326 | Zig:21   | Got a pitted falchion
193327 | Zig:21   | Identified the +8 falchion "Pifrocs" {holy, Str+2 Int+5} (You found it on level 21 of a ziggurat)
193347 | Zig:22   | Entered Level 22 of a ziggurat
193388 | Zig:22   | Paralysed by accursed screaming for 2 turns
193389 | Zig:22   | Cast into the Abyss (spatial maelstrom)
193506 | Zig:22   | Escaped the Abyss
193512 | Zig:22   | Paralysed by accursed screaming for 2 turns
193532 | Zig:22   | Paralysed by accursed screaming for 2 turns
193543 | Zig:22   | Paralysed by a giant eyeball for 3 turns
193565 | Zig:22   | Paralysed by accursed screaming for 2 turns
193569 | Zig:22   | Gained mutation: Your body is deteriorating. [a neqoxec]
193571 | Zig:22   | Paralysed by accursed screaming for 2 turns
193606 | Zig:22   | Got a pair of steaming boots
193617 | Zig:22   | Identified the cursed +0 pair of boots of the Dwarven Hall {MR- Slay+3 Stlth+} (You found it on level 22 of a ziggurat)
193631 | Zig:22   | Got a crude chain mail
193642 | Zig:22   | Identified the +6 chain mail of Satanaum {rN+ Str+7} (You found it on level 22 of a ziggurat)
193682 | Zig:22   | Got a pitted amber ring
193684 | Zig:22   | Identified the ring of Chaubl Sock {Contam rElec rF+ rC- rN+ Int+5} (You found it on level 22 of a ziggurat)
193713 | Zig:22   | Identified a +0 rod of shadows (14/14) (You found it on level 22 of a ziggurat)
193720 | Zig:22   | Got a slimy bone ring
193722 | Zig:22   | Identified the ring of Pride {Contam rPois rF+ rN+ EV+2 SInv} (You found it on level 22 of a ziggurat)
194072 | Zig:23   | Entered Level 23 of a ziggurat
194104 | Zig:23   | Noticed Meper the pandemonium lord
194112 | Zig:23   | Killed Meper the pandemonium lord
194197 | Zig:23   | Got a brightly glowing large shield
194208 | Zig:23   | Identified the +3 large shield of Himat {rPois MR+ rCorr Int-4 Stlth+} (You found it on level 23 of a ziggurat)
194224 | Zig:23   | Gained mutation: You have sharp fingernails. [potion of beneficial mutation]
194227 | Zig:23   | Gained mutation: Your body is deteriorating. [mutagenic glow]
194230 | Zig:23   | Got a flickering golden ring
194233 | Zig:23   | Identified the ring of Ogoud {+Blink MR- Str+5 SInv Stlth+} (You found it on level 23 of a ziggurat)
194240 | Zig:23   | Got a faintly glowing robe
194251 | Zig:23   | Identified the +2 robe "Voraoh" {-Tele rCorr Str+5 Int+2} (You found it on level 23 of a ziggurat)
194277 | Zig:23   | Identified a +3 rod of inaccuracy (10/10) (You found it on level 23 of a ziggurat)
194401 | Zig:24   | Entered Level 24 of a ziggurat
194458 | Zig:24   | Reached skill level 27 in Stealth
194467 | Zig:24   | Reached skill level 27 in Ice Magic
194467 | Zig:24   | Reached skill level 1 in Invocations
194467 | Zig:24   | Reached skill level 1 in Summonings
194473 | Zig:24   | Reached skill level 1 in Unarmed Combat
194475 | Zig:24   | Reached skill level 5 in Unarmed Combat
194517 | Zig:24   | Reached skill level 10 in Unarmed Combat
194624 | Zig:24   | Got a bloodstained spear
194626 | Zig:24   | Identified the +6 spear of Orchilau {distort, Str+2} (You found it on level 24 of a ziggurat)
194627 | Zig:24   | Cast into the Abyss (a distortion unwield)
194627 | Abyss:1  | Found a corrupted altar of Lugonu.
194635 | Zig:24   | Escaped the Abyss
194647 | Zig:24   | Identified the Incunabulum of the Voyage
194652 | Zig:24   | Got a brightly glowing war axe
194653 | Zig:24   | Identified the +10 war axe of Cheese {chop, +Blink Str+4 Dex-2 Stlth+} (You found it on level 24 of a ziggurat)
194661 | Zig:24   | Identified Myse's Almanac of the Birds (You found it on level 24 of a ziggurat)
194684 | Zig:25   | Entered Level 25 of a ziggurat
194697 | Zig:25   | Reached skill level 5 in Invocations
194712 | Zig:25   | Reached skill level 10 in Invocations
194730 | Zig:25   | Reached skill level 15 in Unarmed Combat
194754 | Zig:25   | Reached skill level 15 in Invocations
194792 | Zig:25   | Got a scintillating jade ring
194794 | Zig:25   | Identified the ring of Xoqirule {rPois rC+ Dex+6 Stlth+} (You found it on level 25 of a ziggurat)
194809 | Zig:25   | Identified the Reference Book on Destructive Good Luck
194815 | Zig:25   | Identified Sif Muna's Almanac of Boosting Feathers
194821 | Zig:25   | Got a warped greatsling
194822 | Zig:25   | Identified the +10 greatsling "Hiwaiteapa" {flame, Int+4} (You found it on level 25 of a ziggurat)
194851 | Zig:26   | Entered Level 26 of a ziggurat
194918 | Zig:26   | Got a fine silver amulet
194920 | Zig:26   | Identified the amulet "Ytaag" {Gourm MR+} (You found it on level 26 of a ziggurat)
194939 | Zig:26   | Identified the Almanac of Enchantment and Earth
194942 | Zig:26   | Identified the Guide on Confrontation
194948 | Zig:26   | Got a vibrating steel ring
194950 | Zig:26   | Identified the ring "Failet" {-Tele rC+ MR+ Stlth+} (You found it on level 26 of a ziggurat)
195055 | Zig:27   | Entered Level 27 of a ziggurat
195060 | Zig:27   | Noticed Beawerreisy the pandemonium lord
195069 | Zig:27   | Noticed Hautupn the pandemonium lord
195071 | Zig:27   | Noticed Ankug the pandemonium lord
195072 | Zig:27   | Noticed Ozeosme the pandemonium lord
195075 | Zig:27   | Noticed Cutak the pandemonium lord
195076 | Zig:27   | Noticed Iparghai the pandemonium lord
195078 | Zig:27   | Killed Hautupn the pandemonium lord
195078 | Zig:27   | Killed Ankug the pandemonium lord
195079 | Zig:27   | Noticed Mitaedy the pandemonium lord
195084 | Zig:27   | Noticed Ghuvicing the pandemonium lord
195085 | Zig:27   | Noticed Uckoul the pandemonium lord
195088 | Zig:27   | Noticed Skas the pandemonium lord
195090 | Zig:27   | Killed Ozeosme the pandemonium lord
195091 | Zig:27   | Noticed Suonket the pandemonium lord
195091 | Zig:27   | Noticed Itiap the pandemonium lord
195094 | Zig:27   | Noticed Dijej the pandemonium lord
195096 | Zig:27   | Noticed Ipriuguj the pandemonium lord
195096 | Zig:27   | Noticed Cadieb the pandemonium lord
195097 | Zig:27   | Noticed Saimeuto the pandemonium lord
195099 | Zig:27   | Killed Iparghai the pandemonium lord
195100 | Zig:27   | Noticed Cetuash the pandemonium lord
195103 | Zig:27   | Noticed Zerghynuu the pandemonium lord
195104 | Zig:27   | Noticed Siupn the pandemonium lord
195104 | Zig:27   | Killed Ghuvicing the pandemonium lord
195104 | Zig:27   | Killed Mitaedy the pandemonium lord
195104 | Zig:27   | Killed Skas the pandemonium lord
195105 | Zig:27   | Killed Cadieb the pandemonium lord
195108 | Zig:27   | Noticed Hydduojo the pandemonium lord
195109 | Zig:27   | Noticed Psulimyn the pandemonium lord
195109 | Zig:27   | Killed Uckoul the pandemonium lord
195109 | Zig:27   | Killed Ipriuguj the pandemonium lord
195109 | Zig:27   | Killed Suonket the pandemonium lord
195109 | Zig:27   | Killed Saimeuto the pandemonium lord
195110 | Zig:27   | Noticed Rixiw the pandemonium lord
195110 | Zig:27   | Noticed Faazutott the pandemonium lord
195110 | Zig:27   | Killed Dijej the pandemonium lord
195111 | Zig:27   | Killed Itiap the pandemonium lord
195113 | Zig:27   | Noticed Cautulu the pandemonium lord
195113 | Zig:27   | Noticed Stoubrynn the pandemonium lord
195113 | Zig:27   | Killed Siupn the pandemonium lord
195115 | Zig:27   | Noticed Yciamakh the pandemonium lord
195115 | Zig:27   | Noticed Freif the pandemonium lord
195118 | Zig:27   | Noticed Strimp the pandemonium lord
195119 | Zig:27   | Noticed Cisatox the pandemonium lord
195119 | Zig:27   | Noticed Oriys the pandemonium lord
195119 | Zig:27   | Killed Cetuash the pandemonium lord
195128 | Zig:27   | Killed Rixiw the pandemonium lord
195133 | Zig:27   | Noticed Zioph the pandemonium lord
195134 | Zig:27   | Killed Hydduojo the pandemonium lord
195135 | Zig:27   | Noticed Staykaerat the pandemonium lord
195138 | Zig:27   | Noticed Kacont the pandemonium lord
195142 | Zig:27   | Noticed Apituw the pandemonium lord
195142 | Zig:27   | Killed Zerghynuu the pandemonium lord
195142 | Zig:27   | Killed Psulimyn the pandemonium lord
195142 | Zig:27   | Killed Beawerreisy the pandemonium lord
195142 | Zig:27   | Killed Stoubrynn the pandemonium lord
195143 | Zig:27   | Noticed Fryruboz the pandemonium lord
195144 | Zig:27   | Noticed Prah the pandemonium lord
195144 | Zig:27   | Killed Yciamakh the pandemonium lord
195144 | Zig:27   | Killed Faazutott the pandemonium lord
195144 | Zig:27   | Killed Freif the pandemonium lord
195144 | Zig:27   | Killed Cutak the pandemonium lord
195145 | Zig:27   | Noticed Heil Afo the pandemonium lord
195149 | Zig:27   | Noticed Qioc the pandemonium lord
195150 | Zig:27   | Noticed Nevuad the pandemonium lord
195150 | Zig:27   | Killed Cautulu the pandemonium lord
195150 | Zig:27   | Killed Cisatox the pandemonium lord
195151 | Zig:27   | Killed Strimp the pandemonium lord
195152 | Zig:27   | Noticed Orphuanys the pandemonium lord
195153 | Zig:27   | Noticed Tibliow the pandemonium lord
195153 | Zig:27   | Killed Staykaerat the pandemonium lord
195155 | Zig:27   | Noticed Utzeck the pandemonium lord
195156 | Zig:27   | Noticed Asevvaih the pandemonium lord
195156 | Zig:27   | Noticed Vusyot the pandemonium lord
195157 | Zig:27   | Noticed Shawnep the pandemonium lord
195157 | Zig:27   | Noticed Fraseug the pandemonium lord
195157 | Zig:27   | Noticed Jumyir the pandemonium lord
195158 | Zig:27   | Noticed Muej the pandemonium lord
195158 | Zig:27   | Noticed Vestidosh the pandemonium lord
195159 | Zig:27   | Noticed Piseppy the pandemonium lord
195159 | Zig:27   | Noticed Maxessebyhi the pandemonium lord
195159 | Zig:27   | Noticed Cagheij the pandemonium lord
195159 | Zig:27   | Noticed Decry the pandemonium lord
195159 | Zig:27   | Noticed Yskaluyh the pandemonium lord
195160 | Zig:27   | Noticed Nofoveu the pandemonium lord
195166 | Zig:27   | Noticed Ymalyi the pandemonium lord
195166 | Zig:27   | Noticed Ysaoloabb the pandemonium lord
195166 | Zig:27   | Noticed Plyleq the pandemonium lord
195166 | Zig:27   | Noticed Stuz the pandemonium lord
195166 | Zig:27   | Noticed Bublogg the pandemonium lord
195166 | Zig:27   | Noticed Jeuhaq the pandemonium lord
195166 | Zig:27   | Noticed Jyaboe the pandemonium lord
195166 | Zig:27   | Noticed Bulum the pandemonium lord
195166 | Zig:27   | Noticed Biucuogh the pandemonium lord
195166 | Zig:27   | Noticed Cracs the pandemonium lord
195166 | Zig:27   | Noticed Qawerin the pandemonium lord
195166 | Zig:27   | Noticed Psagyer the pandemonium lord
195167 | Zig:27   | Noticed Nyfomaec the pandemonium lord
195167 | Zig:27   | Noticed Phaeptekh the pandemonium lord
195169 | Zig:27   | Noticed Plog the pandemonium lord
195172 | Zig:27   | Noticed Hasun the pandemonium lord
195172 | Zig:27   | Noticed Faiteum the pandemonium lord
195173 | Zig:27   | Noticed Phiudaug the pandemonium lord
195173 | Zig:27   | Killed Muej the pandemonium lord
195174 | Zig:27   | Killed Jumyir the pandemonium lord
195174 | Zig:27   | Killed Bulum the pandemonium lord
195174 | Zig:27   | Killed Kacont the pandemonium lord
195174 | Zig:27   | Killed Yskaluyh the pandemonium lord
195178 | Zig:27   | Killed Orphuanys the pandemonium lord
195178 | Zig:27   | Killed Jyaboe the pandemonium lord
195178 | Zig:27   | Killed Piseppy the pandemonium lord
195178 | Zig:27   | Killed Bublogg the pandemonium lord
195180 | Zig:27   | Killed Vestidosh the pandemonium lord
195181 | Zig:27   | Killed Nevuad the pandemonium lord
195181 | Zig:27   | Killed Plyleq the pandemonium lord
195181 | Zig:27   | Killed Qioc the pandemonium lord
195181 | Zig:27   | Killed Cagheij the pandemonium lord
195181 | Zig:27   | Reached skill level 27 in Invocations
195186 | Zig:27   | Killed Vusyot the pandemonium lord
195187 | Zig:27   | Killed Heil Afo the pandemonium lord
195187 | Zig:27   | Killed Ymalyi the pandemonium lord
195187 | Zig:27   | Killed Phaeptekh the pandemonium lord
195188 | Zig:27   | Killed Maxessebyhi the pandemonium lord
195188 | Zig:27   | Killed Asevvaih the pandemonium lord
195189 | Zig:27   | Killed Jeuhaq the pandemonium lord
195190 | Zig:27   | Killed Biucuogh the pandemonium lord
195190 | Zig:27   | Killed Cracs the pandemonium lord
195190 | Zig:27   | Killed Tibliow the pandemonium lord
195191 | Zig:27   | Killed Qawerin the pandemonium lord
195191 | Zig:27   | Killed Decry the pandemonium lord
195191 | Zig:27   | Killed Zioph the pandemonium lord
195191 | Zig:27   | Killed Utzeck the pandemonium lord
195191 | Zig:27   | Killed Nyfomaec the pandemonium lord
195191 | Zig:27   | Killed Nofoveu the pandemonium lord
195191 | Zig:27   | Killed Fryruboz the pandemonium lord
195191 | Zig:27   | Killed Prah the pandemonium lord
195192 | Zig:27   | Paralysed by Plog for 5 turns
195200 | Zig:27   | Killed Stuz the pandemonium lord
195200 | Zig:27   | Killed Fraseug the pandemonium lord
195201 | Zig:27   | Killed Plog the pandemonium lord
195202 | Zig:27   | Killed Psagyer the pandemonium lord
195202 | Zig:27   | Killed Ysaoloabb the pandemonium lord
195209 | Zig:27   | Killed Hasun the pandemonium lord
195211 | Zig:27   | Killed Apituw the pandemonium lord
195211 | Zig:27   | Killed Faiteum the pandemonium lord
195211 | Zig:27   | Killed Phiudaug the pandemonium lord
195218 | Zig:27   | Killed Shawnep the pandemonium lord
195223 | Zig:27   | Killed Oriys the pandemonium lord
195268 | Zig:27   | Got an encrusted battleaxe
195275 | Zig:27   | Identified the +3 battleaxe of the Pyrrhic Victory {holy, rN+ Str+4 Int+4} (You found it on level 27 of a ziggurat)
195282 | Zig:27   | Identified Miochumupi's Tome of the Damaging Birds
195293 | Zig:27   | Got a twisted leather armour
195304 | Zig:27   | Identified the +2 leather armour of Fuefunam {rElec rF+ MP+9 Dex-5 Slay+3} (You found it on level 27 of a ziggurat)
195326 | Zig:27   | Got a crude jade ring
195328 | Zig:27   | Identified the ring of the Griffon {+Blink EV+3 Str+3} (You found it on level 27 of a ziggurat)
195384 | Pan      | Found an exit through the horrors of the Abyss.
195438 | Pan      | Noticed Ytem Klei the pandemonium lord
195454 | Pan      | Killed Ytem Klei the pandemonium lord
196799 | Pan      | Took an exit into the Abyss.
196799 | Abyss:1  | Escaped into the Abyss
196817 | Depths:1 | Escaped the Abyss
197115 | Lair:2   | Learned a level 4 spell: Control Teleport
197418 | Pan      | Entered Pandemonium
197424 | Pan      | Found an exit through the horrors of the Abyss.
197868 | Pan      | Noticed Wizuatow the pandemonium lord
197873 | Pan      | Killed Wizuatow the pandemonium lord
198620 | Pan      | Noticed Pnok the pandemonium lord
198632 | Pan      | Killed Pnok the pandemonium lord
198870 | Pan      | Found a gateway to a ziggurat.
198883 | Zig:1    | Entered Level 1 of a ziggurat
198898 | Zig:1    | Got a pitted chain mail
198909 | Zig:1    | Identified the +2 chain mail "Daedef" {rF+ rCorr Int-4} (You found it on level 1 of a ziggurat)
198961 | Zig:2    | Entered Level 2 of a ziggurat
199008 | Zig:3    | Entered Level 3 of a ziggurat
199019 | Zig:3    | Reached skill level 27 in Unarmed Combat
199019 | Zig:3    | Reached skill level 15 in Charms
199051 | Zig:4    | Entered Level 4 of a ziggurat
199078 | Zig:4    | Got a shimmering morningstar
199079 | Zig:4    | Identified the +9 morningstar "Maeffeco" {crush, Int+3} (You found it on level 4 of a ziggurat)
199082 | Zig:4    | Identified the Volume of Attacks
199085 | Zig:4    | Got a pitted platinum ring
199087 | Zig:4    | Identified the ring of Lugonu's Envy {rC+ Str+3 Int+4 Dex+3 Stlth-} (You found it on level 4 of a ziggurat)
199100 | Zig:5    | Entered Level 5 of a ziggurat
199178 | Zig:6    | Entered Level 6 of a ziggurat
199351 | Zig:7    | Entered Level 7 of a ziggurat
199555 | Zig:8    | Entered Level 8 of a ziggurat
199595 | Zig:8    | Got a warped scale mail
199606 | Zig:8    | Identified the +5 scale mail "Ynan" {-Cast rElec rC- MP+9 Dex+6} (You found it on level 8 of a ziggurat)
199634 | Zig:8    | Identified a +7 rod of ignition (13/13) (You found it on level 8 of a ziggurat)
199701 | Zig:9    | Entered Level 9 of a ziggurat
199856 | Zig:10   | Entered Level 10 of a ziggurat
199975 | Zig:10   | Got a coiled jade ring
199977 | Zig:10   | Identified the ring of Pligyb {-Cast rF+ AC+4 Dex+4} (You found it on level 10 of a ziggurat)
199987 | Zig:10   | Got a brightly glowing great sword
199988 | Zig:10   | Identified the +7 great sword "Wanaggobb" {drain, MP+9 Str+3} (You found it on level 10 of a ziggurat)
200048 | Zig:11   | Entered Level 11 of a ziggurat
200146 | Zig:11   | Got a warped platinum ring
200148 | Zig:11   | Identified the ring "Ynieciku" {-Tele rElec MR+ MP-9 Str+4 SInv} (You found it on level 11 of a ziggurat)
200181 | Zig:11   | Got a faintly glowing leather armour
200192 | Zig:11   | Identified the +1 leather armour "Omidagap" {rPois rF+ MP-9 Str+3} (You found it on level 11 of a ziggurat)
200244 | Zig:12   | Entered Level 12 of a ziggurat
200248 | Zig:12   | Noticed an ancient lich
200248 | Zig:12   | Noticed an ancient lich
200248 | Zig:12   | Noticed an ancient lich
200257 | Zig:12   | Killed an ancient lich
200262 | Zig:12   | Killed an ancient lich
200268 | Zig:12   | Killed an ancient lich
200346 | Zig:12   | Got a polished chain mail
200357 | Zig:12   | Identified the cursed +0 chain mail of Activism {Str+4} (You found it on level 12 of a ziggurat)
200424 | Zig:13   | Entered Level 13 of a ziggurat
200440 | Zig:13   | Reached skill level 27 in Charms
200456 | Zig:13   | Reached skill level 15 in Staves
200523 | Zig:13   | Got a crude spear
200525 | Zig:13   | Identified the cursed +0 spear of the Rattle-Snake {pain, Int+2} (You found it on level 13 of a ziggurat)
200536 | Zig:13   | Got an ancient great sword
200543 | Zig:13   | Identified the +5 great sword "Qeuman" {holy, -Tele rElec Str+3} (You found it on level 13 of a ziggurat)
200986 | Zig:14   | Entered Level 14 of a ziggurat
200988 | Zig:14   | Noticed an ancient lich
201023 | Zig:14   | Noticed an ancient lich
201054 | Zig:14   | Killed an ancient lich
201067 | Zig:14   | Noticed an ancient lich
201067 | Zig:14   | Noticed an ancient lich
201067 | Zig:14   | Noticed an ancient lich
201067 | Zig:14   | Noticed an ancient lich
201067 | Zig:14   | Noticed an ancient lich
201067 | Zig:14   | Noticed an ancient lich
201067 | Zig:14   | Noticed an ancient lich
201070 | Zig:14   | Noticed an ancient lich
201081 | Zig:15   | Entered Level 15 of a ziggurat
201191 | Zig:15   | Got an ancient scale mail
201202 | Zig:15   | Identified the +2 scale mail of the Archfiend {rPois} (You acquired it on level 15 of a ziggurat)
201209 | Zig:15   | Got an ichor-stained blowgun
201210 | Zig:15   | Identified the +8 blowgun "Ocutoif" {speed, MP+9} (You found it on level 15 of a ziggurat)
201228 | Zig:15   | Got a steaming falchion
201229 | Zig:15   | Identified the +7 falchion "Mnuzyos" {freeze, Contam Str+6 Int+2 Stlth+} (You found it on level 15 of a ziggurat)
201481 | Zig:16   | Entered Level 16 of a ziggurat
201561 | Zig:16   | Identified the Guide on the Snowflakes
201569 | Zig:16   | Got a fine hat
201570 | Zig:16   | Identified the +1 hat of Anarchy {rN+ Dex+2} (You found it on level 16 of a ziggurat)
201597 | Zig:16   | Got a glittering pewter ring
201599 | Zig:16   | Identified the ring "Muopnaff" {+/*Tele rF+ MR+} (You found it on level 16 of a ziggurat)
201637 | Zig:17   | Entered Level 17 of a ziggurat
201640 | Zig:17   | Noticed an ancient lich
201640 | Zig:17   | Noticed an ancient lich
201641 | Zig:17   | Noticed an ancient lich
201649 | Zig:17   | Noticed an ancient lich
201651 | Zig:17   | Noticed an ancient lich
201652 | Zig:17   | Killed an ancient lich
201652 | Zig:17   | Killed an ancient lich
201652 | Zig:17   | Killed an ancient lich
201653 | Zig:17   | Noticed an ancient lich
201653 | Zig:17   | Noticed an ancient lich
201653 | Zig:17   | Noticed an ancient lich
201660 | Zig:17   | Noticed an ancient lich
201666 | Zig:17   | Killed an ancient lich
201669 | Zig:17   | Noticed an ancient lich
201670 | Zig:17   | Killed an ancient lich
201670 | Zig:17   | Killed an ancient lich
201679 | Zig:17   | Reached skill level 27 in Staves
201679 | Zig:17   | Killed an ancient lich
201680 | Zig:17   | Killed an ancient lich
201680 | Zig:17   | Reached skill level 1 in Throwing
201681 | Zig:17   | Killed an ancient lich
201684 | Zig:17   | Killed an ancient lich
201727 | Zig:17   | Reached skill level 1 in Short Blades
201732 | Zig:17   | Got a bloodstained falchion
201733 | Zig:17   | Identified the +7 falchion of Truncation {slice, rF+ Int+3 Dex+2} (You found it on level 17 of a ziggurat)
201758 | Zig:18   | Entered Level 18 of a ziggurat
201761 | Zig:18   | Noticed an ancient lich
201763 | Zig:18   | Noticed an ancient lich
201763 | Zig:18   | Noticed an ancient lich
201778 | Zig:18   | Noticed an ancient lich
201778 | Zig:18   | Noticed an ancient lich
201785 | Zig:18   | Noticed an ancient lich
201785 | Zig:18   | Noticed an ancient lich
201785 | Zig:18   | Noticed an ancient lich
201807 | Zig:18   | Reached skill level 5 in Summonings
201812 | Zig:18   | Reached skill level 5 in Throwing
201827 | Zig:18   | Noticed an ancient lich
201828 | Zig:18   | Killed an ancient lich
201838 | Zig:18   | Noticed an ancient lich
201838 | Zig:18   | Killed an ancient lich
201839 | Zig:18   | Noticed an ancient lich
201858 | Zig:18   | Noticed an ancient lich
201861 | Zig:18   | Noticed an ancient lich
201866 | Zig:18   | Killed an ancient lich
201871 | Zig:18   | Killed an ancient lich
201881 | Zig:18   | Killed an ancient lich
201951 | Zig:18   | Killed an ancient lich
201985 | Zig:18   | Killed an ancient lich
201985 | Zig:18   | Killed an ancient lich
201985 | Zig:18   | Reached skill level 15 in Maces & Flails
201986 | Zig:18   | Killed an ancient lich
201987 | Zig:18   | Killed an ancient lich
201988 | Zig:18   | Killed an ancient lich
202000 | Zig:18   | Reached skill level 10 in Summonings
202026 | Zig:18   | Reached skill level 10 in Throwing
202048 | Zig:18   | Got a smoking chain mail
202059 | Zig:18   | Identified the +0 chain mail "Crouptim" {rF+ rC+} (You found it on level 18 of a ziggurat)
202074 | Zig:18   | Got an iridescent rapier
202075 | Zig:18   | Identified the +7 rapier of the Warrior-Mage {elec, rPois MR+ Dex+2} (You found it on level 18 of a ziggurat)
202243 | Zig:19   | Entered Level 19 of a ziggurat
202351 | Zig:19   | Identified the Almanac of Glamour
202357 | Zig:19   | Got a bone quarterstaff
202365 | Zig:19   | Identified the +7 quarterstaff of Agony {venom, rPois rC- Str+5 Int+3} (You found it on level 19 of a ziggurat)
202381 | Zig:19   | Got a jewelled greatsling
202382 | Zig:19   | Identified the +8 greatsling of Change {flame, Str+5} (You found it on level 19 of a ziggurat)
202422 | Zig:20   | Entered Level 20 of a ziggurat
202566 | Zig:21   | Entered Level 21 of a ziggurat
202573 | Zig:21   | Noticed an ancient lich
202584 | Zig:21   | Noticed an ancient lich
202588 | Zig:21   | Killed an ancient lich
202599 | Zig:21   | Reached skill level 27 in Translocations
202601 | Zig:21   | Killed an ancient lich
202610 | Zig:21   | Noticed an ancient lich
202630 | Zig:21   | Killed an ancient lich
202696 | Zig:21   | Identified the Compendium of Lucky Changing
202701 | Zig:21   | Identified the Grimoire of Orientation
202748 | Zig:21   | Reached skill level 15 in Throwing
202751 | Zig:21   | Reached skill level 15 in Summonings
202751 | Zig:21   | Reached skill level 27 in Transmutations
202757 | Zig:21   | Got a dazzling morningstar
202758 | Zig:21   | Identified the +4 morningstar "Giheucs" {freeze, +Blink rN+} (You found it on level 21 of a ziggurat)
202765 | Zig:21   | Got a jewelled long sword
202766 | Zig:21   | Identified the cursed -1 long sword "Graus" {freeze, MR+} (You found it on level 21 of a ziggurat)
202796 | Zig:22   | Entered Level 22 of a ziggurat
202910 | Zig:22   | Identified the Almanac of Poison and the Birds
202918 | Zig:22   | Got a crude silver amulet
202919 | Zig:22   | Identified the amulet of Gonaox {rMut rF++ rC- rN+ Dex-2 Stlth+} (You found it on level 22 of a ziggurat)
202927 | Zig:22   | Got a slimy copper ring
202928 | Zig:22   | Identified the ring "Plog" {rElec rPois rF+ Str+3 Dex-2 Stlth-} (You found it on level 22 of a ziggurat)
202949 | Zig:22   | Got a brightly glowing mace
202950 | Zig:22   | Identified the +7 mace of an ossuary {flame, Contam Str+4 Dex+4} (You found it on level 22 of a ziggurat)
203221 | Zig:23   | Entered Level 23 of a ziggurat
203229 | Zig:23   | Reached skill level 15 in Crossbows
203359 | Zig:23   | Got a vibrating lead amulet
203360 | Zig:23   | Identified the amulet of Eternal Night {Clar Str+4} (You found it on level 23 of a ziggurat)
203366 | Zig:23   | Identified the Grimoire of Calling and Ignition
203369 | Zig:23   | Got a pitted quarterstaff
203370 | Zig:23   | Identified the +6 quarterstaff of Skaxoreut {crush, Int+3} (You found it on level 23 of a ziggurat)
203381 | Zig:23   | Got a pitted dire flail
203382 | Zig:23   | Identified the +7 dire flail of False Accusations {crush, -Tele +Rage Int+2} (You found it on level 23 of a ziggurat)
203385 | Zig:23   | Got a crude bronze amulet
203386 | Zig:23   | Identified the amulet "Shreaxym" {Spirit Slay+2} (You found it on level 23 of a ziggurat)
203395 | Zig:23   | Got a serpentine pewter ring
203396 | Zig:23   | Identified the ring "Shrabbyfi" {rPois rF+ MP-9 Str+5 Int+2 Dex+3} (You found it on level 23 of a ziggurat)
203399 | Zig:23   | Got a translucent spear
203400 | Zig:23   | Identified the cursed +3 spear "Ghunamot" {vamp, rPois Int+4} (You found it on level 23 of a ziggurat)
203443 | Zig:24   | Entered Level 24 of a ziggurat
203554 | Zig:24   | Reached skill level 27 in Crossbows
203660 | Zig:24   | Got a translucent granite ring
203661 | Zig:24   | Identified the ring of Stoddo {Ice Contam rPois rN+ MR- MP+9} (You found it on level 24 of a ziggurat)
203669 | Zig:24   | Got a vibrating marble ring
203670 | Zig:24   | Identified the ring "Vafib" {rPois rN+ Str+3 Int+2 Stlth-} (You found it on level 24 of a ziggurat)
203759 | Zig:25   | Entered Level 25 of a ziggurat
203974 | Zig:25   | Got a scorched lapis lazuli ring
203975 | Zig:25   | Identified the ring "Dusmues" {Str+2 Int-2 SInv Stlth+} (You found it on level 25 of a ziggurat)
203979 | Zig:25   | Got a bone battleaxe
203980 | Zig:25   | Identified the +8 battleaxe of Deformation {venom, +Rage rPois rC+ rN+ Int-5} (You found it on level 25 of a ziggurat)
203983 | Zig:25   | Got a fine great mace
203984 | Zig:25   | Identified the +11 great mace of the Assorted Planets {holy, rElec rC- Str-5 Int+8} (You found it on level 25 of a ziggurat)
204009 | Zig:25   | Identified Sif Muna's Volume of the Ego
204015 | Zig:25   | Got a bloodstained dagger
204016 | Zig:25   | Identified the +4 dagger of Zened {antimagic, rN+} (You found it on level 25 of a ziggurat)
204020 | Zig:25   | Got a crude battleaxe
204021 | Zig:25   | Identified the +5 battleaxe of Plunder {chop, *Rage +Blink rPois Dex+3} (You found it on level 25 of a ziggurat)
204027 | Zig:25   | Got a jewelled hunting sling
204028 | Zig:25   | Identified the +4 hunting sling of Truth {freeze, +Blink rF+ Str+2 Dex+2} (You found it on level 25 of a ziggurat)
204160 | Zig:26   | Entered Level 26 of a ziggurat
204431 | Zig:26   | Got a twitching bronze ring
204433 | Zig:26   | Identified the ring of Temptation {SustAb Stlth+} (You found it on level 26 of a ziggurat)
204463 | Zig:26   | Got a polished war axe
204464 | Zig:26   | Identified the +7 war axe of Pnideu {freeze, Dex+4} (You found it on level 26 of a ziggurat)
204477 | Zig:26   | Got a translucent ivory ring
204479 | Zig:26   | Identified the ring of Zuyxta Syike {Fire +Blink rPois MR- Str+2 Stlth-} (You found it on level 26 of a ziggurat)
204498 | Zig:26   | Identified the Compendium of Enhancements (You found it on level 26 of a ziggurat)
204504 | Zig:26   | Identified the Volume of Calling
204512 | Zig:26   | Got a scorched ring mail
204523 | Zig:26   | Identified the +2 ring mail of Kidghaoj {Str+3} (You found it on level 26 of a ziggurat)
204561 | Zig:26   | Got a transparent trident
204562 | Zig:26   | Identified the +8 trident of Punishment {pierce, Str+2} (You found it on level 26 of a ziggurat)
204614 | Zig:27   | Entered Level 27 of a ziggurat
204628 | Zig:27   | Paralysed by accursed screaming for 1 turns
204640 | Zig:27   | Paralysed by accursed screaming for 2 turns
204671 | Zig:27   | Paralysed by accursed screaming for 1 turns
204675 | Zig:27   | Paralysed by accursed screaming for 2 turns
204680 | Zig:27   | Reached skill level 27 in Maces & Flails
204744 | Zig:27   | Paralysed by accursed screaming for 2 turns
204755 | Zig:27   | Paralysed by accursed screaming for 1 turns
204779 | Zig:27   | Paralysed by accursed screaming for 2 turns
204799 | Zig:27   | Paralysed by accursed screaming for 2 turns
204815 | Zig:27   | Paralysed by accursed screaming for 1 turns
204818 | Zig:27   | Paralysed by accursed screaming for 2 turns
204839 | Zig:27   | Paralysed by accursed screaming for 1 turns
204900 | Zig:27   | Gained mutation: You are agile. (Dex +2) [potion of beneficial mutation]
204908 | Zig:27   | Got a smoking lead ring
204910 | Zig:27   | Identified the ring of Zokhixt {rElec Int+4} (You found it on level 27 of a ziggurat)
205291 | Pan      | Upgraded the game from 0.16.1-12-gf5c4a84 to 0.16.1-16-gc44b35d
205385 | Depths:1 | Escaped Pandemonium
205656 | Zot:5    | Entered Level 5 of the Realm of Zot
206033 | Zot:5    | Noticed an ancient lich
206037 | Zot:5    | Killed an ancient lich
206040 | Zot:5    | Noticed an ancient lich
206046 | Zot:5    | Killed an ancient lich
206056 | Zot:5    | Noticed an ancient lich
206057 | Zot:5    | Noticed an orb of fire
206095 | Zot:5    | Killed an orb of fire
206100 | Zot:5    | Killed an ancient lich
206116 | Zot:5    | Noticed an ancient lich
206122 | Zot:5    | Killed an ancient lich
206369 | Zot:5    | Noticed an orb of fire
206393 | Zot:5    | Killed an orb of fire
206575 | Zot:5    | Noticed an ancient lich
206578 | Zot:5    | Killed an ancient lich
206651 | Zot:5    | Reached skill level 27 in Summonings
206711 | Zot:5    | Noticed an orb of fire
206729 | Zot:5    | Got the Orb of Zot
206757 | Zot:5    | Killed an orb of fire
206759 | Zot:5    | Noticed Phaoz the pandemonium lord
206768 | Zot:5    | Killed Phaoz the pandemonium lord
206898 | Zot:4    | Noticed Jioqor the pandemonium lord
206911 | Zot:4    | Killed Jioqor the pandemonium lord
207331 | D:15     | Noticed Psynaiz the pandemonium lord
207338 | D:15     | Killed Psynaiz the pandemonium lord
207447 | D:15     | Noticed Linolal the pandemonium lord
207461 | D:14     | Noticed Nigoeckefong the pandemonium lord
207465 | D:14     | Killed Nigoeckefong the pandemonium lord
207591 | D:12     | Noticed Zeega the pandemonium lord
207592 | D:12     | Killed Zeega the pandemonium lord
208083 | D:$      | Escaped with the Orb!

Action                   |  1- 3 |  4- 6 |  7- 9 | 10-12 | 13-15 | 16-18 | 19-21 | 22-24 | 25-27 || total
-------------------------+-------+-------+-------+-------+-------+-------+-------+-------+-------++-------
Melee: Unarmed           |     1 |       |       |       |       |       |       |       |     1 ||     2
       Dagger            |     4 |    14 |       |       |       |       |       |       |       ||    18
       Halberd           |       |    29 |    15 |       |       |       |       |       |       ||    44
       Whip              |       |       |   304 |   943 |  1704 |  3449 |   208 |       |       ||  6608
       Hand axe          |       |       |       |       |       |    38 |       |       |       ||    38
       Demon whip        |       |       |       |       |       |       |  2857 |  4133 | 16907 || 23897
       Eudemon blade     |       |       |       |       |       |       |       |       | 10354 || 10354
       Staff             |       |       |       |       |       |       |       |       |   958 ||   958
       Executioner's axe |       |       |       |       |       |       |       |       |   887 ||   887
       Battleaxe         |       |       |       |       |       |       |       |       |   293 ||   293
       Broad axe         |       |       |       |       |       |       |       |       |   210 ||   210
       War axe           |       |       |       |       |       |       |       |       |   133 ||   133
       Mace              |       |       |       |       |       |       |       |       |   132 ||   132
       Quarterstaff      |       |       |       |       |       |       |       |       |    18 ||    18
       Rod               |       |       |       |       |       |       |       |       |     1 ||     1
 Fire: Hand crossbow     |       |       |       |       |       |    72 |       |       |       ||    72
Throw: Stone             |     1 |     1 |     3 |       |       |       |       |       |       ||     5
 Cast: Pain              |    76 |    86 |   263 |   196 |     6 |    20 |       |       |       ||   647
       Vampiric Draining |     1 |    20 |    34 |    77 |    30 |   174 |    10 |       |     1 ||   347
       Animate Dead      |       |       |     4 |     3 |    25 |   106 |    73 |    20 |   116 ||   347
       Repel Missiles    |       |       |       |       |       |       |     2 |     2 |    27 ||    31
       Control Teleport  |       |       |       |       |       |       |     2 |       |    63 ||    65
       Haste             |       |       |       |       |       |       |       |    22 |   253 ||   275
       Spectral Weapon   |       |       |       |       |       |       |       |     1 |     9 ||    10
       Controlled Blink  |       |       |       |       |       |       |       |       |    37 ||    37
       Tornado           |       |       |       |       |       |       |       |       |   933 ||   933
       Necromutation     |       |       |       |       |       |       |       |       |   503 ||   503
       Fire Storm        |       |       |       |       |       |       |       |       |   136 ||   136
       Glaciate          |       |       |       |       |       |       |       |       |   122 ||   122
       Phase Shift       |       |       |       |       |       |       |       |       |    89 ||    89
       Dispel Undead     |       |       |       |       |       |       |       |       |    75 ||    75
       Flight            |       |       |       |       |       |       |       |       |    47 ||    47
       Swiftness         |       |       |       |       |       |       |       |       |    43 ||    43
       Deflect Missiles  |       |       |       |       |       |       |       |       |    43 ||    43
       Blink             |       |       |       |       |       |       |       |       |    12 ||    12
       Lehudib's Crystal |       |       |       |       |       |       |       |       |     7 ||     7
       Summon Butterflie |       |       |       |       |       |       |       |       |     3 ||     3
       Chain Lightning   |       |       |       |       |       |       |       |       |     1 ||     1
Invok: Greater Servant o |       |       |       |       |       |       |       |       |     1 ||     1
 Abil: End Transformatio |       |       |       |       |       |       |       |       |    63 ||    63
       Evoke Teleportati |       |       |       |       |       |       |       |       |    27 ||    27
       Evoke Blink       |       |       |       |       |       |       |       |       |     8 ||     8
       Breathe Fire      |       |       |       |       |       |       |       |       |     1 ||     1
       Evoke Berserk Rag |       |       |       |       |       |       |       |       |     1 ||     1
Evoke: Wand              |       |     1 |     1 |       |       |    12 |     2 |     8 |    98 ||   122
       Staff of energy   |       |       |       |       |       |       |       |       |  5449 ||  5449
       Rod               |       |       |       |       |       |       |       |       |    15 ||    15
  Use: Scroll            |       |       |    10 |    22 |     7 |    23 |    25 |    25 |   350 ||   462
       Potion            |       |       |       |     2 |     1 |    15 |     4 |     4 |   103 ||   129
 Stab: Sleeping          |       |     1 |     1 |    10 |     9 |     1 |       |       |     2 ||    24
       Distracted        |       |       |       |     4 |     2 |    33 |    14 |     1 |    43 ||    97
       Confused          |       |       |       |       |     1 |       |       |       |     7 ||     8
       Petrified         |       |       |       |       |       |     5 |       |       |    10 ||    15
       Petrifying        |       |       |       |       |       |     2 |       |       |     3 ||     5
       Fleeing           |       |       |       |       |       |     1 |       |       |     1 ||     2
       Paralysed         |       |       |       |       |       |       |       |       |     7 ||     7
       Invisible         |       |       |       |       |       |       |       |       |     5 ||     5
  Eat: Chunk             |     3 |     9 |    32 |    51 |    63 |    90 |    57 |    58 |   217 ||   580
       Meat ration       |       |     1 |       |       |       |     1 |       |     3 |    25 ||    30
       Fruit             |       |       |     1 |       |       |     1 |     2 |     2 |    19 ||    25
       Beef jerky        |       |       |       |       |       |       |     1 |     1 |    15 ||    17
       Bread ration      |       |       |       |       |       |       |       |     2 |    20 ||    22
       Pizza             |       |       |       |       |       |       |       |       |     6 ||     6
       Royal jelly       |       |       |       |       |       |       |       |       |     2 ||     2
